 Dungeon Crawl Stone Soup version 0.30-a0-169-g06f667207d (webtiles) character file.

Game seed: 6210726350276306608

592770 qw the Slayer (level 27, -3/197 HPs)
             Began as a Gargoyle Fighter on Sept 30, 2022.
             Was a High Priest of the Shining One.
             Killed by divine providence
             ... invoked by a sphinx
              (12 damage)
             ... on level 1 of the Tomb of the Ancients.
             The game lasted 00:37:56 (72257 turns).

qw the Slayer (Gargoyle Fighter)                   Turns: 72257, Time: 00:37:57

Health: -3/197     AC: 59    Str: 42      XL:     27
Magic:  23/36      EV: 14    Int: 11 (16) God:    the Shining One [*****.]
Gold:   5625       SH: 24    Dex: 12 (16) Spells: 26/26 levels left

rFire   + . .      SeeInvis +    t - +9 broad axe (holy)
rCold   + . .      Faith    .    P - +2 tower shield
rNeg    + + +      Spirit   .    I - +5 plate armour "Ganeuh" {rC+ Str+4 Int+4}
rPois   inf        Reflect  .    c - +2 helmet
rElec   +          Harm     .    f - +2 cloak
rCorr   +          Rampage  .    D - +2 pair of gloves {Str+3}
Will    +++++      Rage     3%   V - +0 pair of boots of Kucecux {Fly Dex+9 Stlth+}
Stlth   .......... Rnd*Tele +    o - amulet of Hallinadd {RegenMP Drain rN+ Will+++ SInv}
HPRegen 2.02/turn                S - ring "Havext" {rF+ rCorr Str+4}
MPRegen 0.65/turn                N - +4 ring of slaying {mikee}

@: about to teleport, flying, slowed, glowing, very slow
A: sickness immunity, AC +20, big wings, negative energy resistance 1,
electricity resistance, torment resistance 1, petrification resistance, berserk
1, clumsy 1, regeneration 2, teleportitis 1, no potion heal 1, MP-powered wands
}: 3/15 runes: barnacled, silver, gossamer
a: Renounce Religion, Divine Shield, Cleansing Flame, Summon Divine Warrior


You were on level 1 of the Tomb of the Ancients.
You worshipped the Shining One.
The Shining One was extremely pleased with you.
You visited 11 branches of the dungeon, and saw 48 of its levels.
You also visited: Desolation.

You collected 8095 gold pieces.
You spent 2470 gold pieces at shops.


Innate Abilities, Weirdness & Mutations

You are immune to sickness and miasma.
Your stone body is resilient. (AC +20)
You are immune to poison.
Your large and strong wings let you fly.
You resist negative energy. (rN+)
You are resistant to electric shocks. (rElec)
You are resistant to unholy torment.
You are immune to petrification.
You sometimes lose your temper in combat.
You are clumsy. (Dex -2)
You heal very quickly.
You are occasionally teleported next to monsters.
Potions are less effective at restoring your health.
You expend magic power (3 MP) to strengthen your wands.


   Skills:
 - Level 26.8 Fighting
 - Level 16.0 Axes
 - Level 15.0 Throwing
 - Level 22.0 Armour
 - Level 13.0 Dodging
 - Level 22.0 Shields
 + Level 18.6 Invocations


You had 26 spell levels left.
You didn't know any spells.
Your spell library was empty.

Inventory:

Hand Weapons
 t - a +9 broad axe of holy wrath (weapon)
 w - the +7 war axe "Kiucs" {speed, rF+ Str+4}
   (Okawaru gifted it to you on level 3 of the Lair of Beasts)

   Attacks with this weapon are significantly faster.
   Str:       It affects your strength (+4).
   rF:        It protects you from fire.
Missiles
 v - 12 silver javelins (quivered)
 C - 22 javelins
Armour
 b - +0 gold dragon scales
 c - a +2 helmet (worn)
 f - a +2 cloak (worn)
 m - +0 acid dragon scales
 n - a +0 tower shield of cold resistance
 A - a +2 cloak of willpower
 D - a +2 pair of gloves of strength (worn)
 I - the +5 plate armour "Ganeuh" (worn) {rC+ Str+4 Int+4}
   (Okawaru gifted it to you on level 4 of the Spider Nest)

   Str:       It affects your strength (+4).
   Int:       It affects your intelligence (+4).
   rC:        It protects you from cold.
 P - a +2 tower shield (worn)
 V - the +0 pair of boots of Kucecux (worn) {Fly Dex+9 Stlth+}
   (You found it on level 5 of the Vaults)

   Dex:       It affects your dexterity (+9).
   Fly:       It grants you flight.
   Stlth:     It makes you more stealthy.
Jewellery
 i - the ring "Ogifid" {rC+ Dex+5 SInv}
   (You acquired it on level 13 of the Dungeon)

   [ring of protection from cold]

   Dex:       It affects your dexterity (+5).
   rC:        It protects you from cold.
   SInv:      It lets you see invisible.
 o - the amulet of Hallinadd (around neck) {RegenMP Drain rN+ Will+++ SInv}
   (You acquired it on level 2 of the Lair of Beasts)

   [amulet of magic regeneration]

   It increases your rate of magic regeneration.
   rN:        It protects you from negative energy.
   SInv:      It lets you see invisible.
   Drain:     It drains your maximum health when unequipped.
   Will:      It greatly increases your willpower.
 u - an amulet of reflection
 B - the ring of the Establishment {rF+ rCorr}
   (You found it on level 3 of the Realm of Zot)

   [ring of resist corrosion]

   rF:        It protects you from fire.
   rCorr:     It protects you from acid and corrosion.
 N - a +4 ring of slaying (right hand) {mikee}
 O - a ring of ice
 S - the ring "Havext" (left hand) {rF+ rCorr Str+4}
   (You found it on level 5 of the Vaults)

   [ring of protection from fire]

   Str:       It affects your strength (+4).
   rF:        It protects you from fire.
   rCorr:     It protects you from acid and corrosion.
 Y - a +4 ring of protection
Wands
 k - a wand of digging (16)
Scrolls
 a - 22 scrolls of identify
 h - 4 scrolls of enchant weapon
 r - 15 scrolls of teleportation
 y - a scroll of brand weapon
 E - 5 scrolls of enchant armour
Potions
 d - 11 potions of might
 e - 4 potions of resistance
 g - 10 potions of haste
 j - 30 potions of curing
 l - 10 potions of attraction
 q - 11 potions of magic
 s - 9 potions of lignification
 J - 8 potions of cancellation

Dungeon Overview and Level Annotations

Branches:
Dungeon (15/15)            Temple (1/1) D:4            Lair (5/5) D:8
 Shoals (4/4) Lair:2       Spider (4/4) Lair:3        Slime (0/5) Lair:5
    Orc (2/2) D:9             Elf (0/3) Orc:2        Vaults (5/5) D:13
  Crypt (3/3) Vaults:3       Tomb (1/3) Crypt:3      Depths (4/4) D:15
    Zot (4/5) Depths:4    Desolation (visited)

Altars:
Ashenzari
Cheibriados
Dithmenos
Elyvilon
Fedhas
Gozag
Hepliaklqana
Kikubaaqudgha
Makhleb
Nemelex Xobeh
Okawaru
Qazlal
Ru
Sif Muna
Trog
Uskayaw
Vehumet
Wu Jian
Xom
Yredelemnul
Zin
The Shining One

Shops:
D:6 [   D:8 ?   D:10 !   D:13 ?   Orc:2 ::*?   Shoals:4 !   Vaults:5 :
Depths:1 [

Portals:
Hell: Lair:5 Depths:1 Depths:2 Depths:3 Depths:4
Abyss: Depths:3 Depths:4
Pandemonium: Depths:2
Ziggurat: Depths:2
Trove: D:14 (give +7 demon trident)

Annotations:
D:8 2 transporters, qw's ghost, novice GrFi
D:9 3 runed translucent doors, qw's ghost, journeyman GrFi
Lair:2 1 runed translucent door, qw's ghost, novice GrFi
Shoals:2 1 runed translucent door
Zot:3 4 transporters


Message History

You see here a +0 glaive.
72255 ||| INVOKING Summon Divine Warrior.
You are momentarily dazzled by a brilliant light.
Your angel hits the mummy priest with a +1 whip of holy wrath!
The mummy priest is destroyed!
The Shining One accepts your kill.
The ice devil disappears in a puff of smoke!
You feel extremely nervous for a moment...
You are engulfed in negative energy!
You resist. You block the bennu's attack. x3
The sphinx hits you but does no damage. The sphinx barely misses you.
The sphinx hits you.
The sphinx mumbles some strange words.
Something smites you! The bennu pecks you but does no damage.
The bennu claws you but does no damage. x2; The sphinx hits you!
You block the sphinx's attack. The sphinx hits you but does no damage.
72256 ||| READING 16 scrolls of teleportation.
As you read the scroll of teleportation, it crumbles to dust.
You feel strangely unstable. You block the bennu's attack.
The bennu claws you but does no damage. x2
The sphinx hits you but does no damage. You block the sphinx's attack.
The sphinx misses you. You block the bennu's attack. The bennu claws you!
The bennu claws you. You block the sphinx's attack.
The sphinx hits you but does no damage. x2; The sphinx hits you!
The sphinx hits you but does no damage. x2
72257 ||| DRINKING potion of heal wounds.
Your system partially rejects the healing.
You feel much better. The bennu closely misses you.
You block the bennu's attack. x2
You block the sphinx's attack. The sphinx hits you but does no damage.
The sphinx barely misses you. The bennu pecks you but does no damage.
The bennu misses you. You block the bennu's attack.
You block the sphinx's attack. The sphinx hits you but does no damage.
The sphinx barely misses you.
Your daeva closely misses the bennu. x2
Your angel hits the sphinx with a +1 whip of holy wrath!
Your angel hits the sphinx with a +1 whip of holy wrath.
The sphinx casts a spell.
Something smites you!
The sphinx casts a spell.
Something smites you!
You die...

.#s...... .
#...... #.......#
# ###### #.8...8.#
#########.......##
###
..................
...
..........8...8...
...
..................
...
.........Ab.......
...
......?...@H......
...
.......%..AH.}/...
...
......%...........
...
..................
...
..................
...
..................
H..
..................
.....^............
################


You could see 2 sphinxes, a bennu (ally target), a friendly daeva (summoned) and
a friendly angel (summoned).

Vanquished Creatures
  4 dread liches
  4 ancient liches
  Mennas (Depths:3)
  3 orbs of fire
  Mara (Depths:3)
  4 royal mummies
  Boris (Vaults:5)
  5 Killer Klowns
  Bai Suzhen (Crypt:2)
  Frederick (Depths:4)
  Saint Roka (Orc:2)
  5 golden dragons
  the Enchantress (Depths:4)
  2 doom hounds (Zot:2)
  2 bone dragons
  A Brimstone Fiend (Zot:2)
  2 Tzitzimimeh (Zot:2)
  3 electric golems (Zot:2)
  Jorgrun (Spider:3)
  17 tentacled monstrosities
  4 liches
  7 quicksilver dragons
  Grunn (Zot:2)
  7 deep elf blademasters
  A walking earthen tome (Depths:4)
  Asterion (Vaults:1)
  14 titans
  A walking frostbound tome (Depths:2)
  A deep elf master archer (Crypt:2)
  8 ancient champions
  7 death cobs
  9 sphinxes
  Polyphemus (Shoals:4)
  5 krakens (Shoals:2)
  Kirke (Lair:4)
  12 storm dragons
  19 shadow dragons
  Roxanne (Shoals:4)
  2 revenants (Crypt:3)
  7 tengu reavers
  3 draconian monks
  Donald (Crypt:2)
  3 daevas (Depths:3)
  13 fire giants
  8 draconian knights
  2 iron dragons
  A deep elf sorcerer (Vaults:5)
  3 emperor scorpions (Spider:4)
  18 frost giants
  14 vault wardens
  3 draconian stormcallers
  3 angels (Depths:3)
  8 ghost moths
  4 draconian scorchers
  An imperial myrmidon (Desolation)
  6 ghouls
  3 spriggan defenders (Depths:4)
  2 broodmothers
  3 orc warlords
  3 curse skulls
  19 ironbound preservers
  4 draconian shifters
  A caustic shrike skeleton (Crypt:3)
  A reaper (Depths:2)
  15 very ugly things
  4 draconian annihilators
  5 war gargoyles
  13 green draconians
  A rockslime zombie (Crypt:2)
  9 vampire knights
  4 ironbound thunderhulks
  20 stone giants
  Azrael (D:12)
  15 spark wasps
  A deep elf demonologist (Vaults:5)
  16 black draconians
  A putrid mouth (Zot:2)
  18 white draconians
  19 yellow draconians
  A deep elf annihilator (Vaults:5)
  13 red draconians
  3 halazid warlocks (Desolation)
  16 purple draconians
  10 dire elephants
  3 deep elf death magi
  4 eidola
  Josephine (D:12)
  7 merfolk javelineers
  9 entropy weavers
  12 merfolk impalers
  4 crystal guardians
  13 ettins
  5 fire dragons
  An entropy weaver (shapeshifter) (Vaults:5)
  6 jiangshi
  7 mummy priests
  10 ragged hierophants (Desolation)
  2 great orbs of eyes
  3 deep elf high priests
  21 yaktaur captains
  Fannar (D:12)
  4 servants of whispers (Desolation)
  13 ice dragons
  7 hydras
  A spriggan zombie (Crypt:3)
  33 vault guards
  2 rakshasas
  4 radroaches
  2 merfolk aquamancers
  11 peacekeepers
  3 spriggan air magi
  7 merfolk avatars
  8 ironbound frosthearts
  2 catoblepae
  Erica (D:9)
  11 centaur warriors
  4 two-headed ogres
  An ogre mage (Vaults:5)
  5 satyrs (Shoals:4)
  5 alligator snapping turtles (Shoals:4)
  13 boulder beetles
  A spriggan skeleton (Tomb:1)
  11 death yaks
  6 tengu warriors
  2 deep troll shamans
  5 deep troll earth magi
  5 spriggan berserkers
  3 sun demons
  6 vampire magi
  A storm dragon zombie (Crypt:2)
  4 orc high priests (Orc:2)
  Urug (D:12)
  2 titan skeletons
  3 deep elf knights
  10 hell knights
  5 iron trolls
  6 cherubim (Depths:3)
  26 skeletal warriors
  A spark wasp zombie (Depths:1)
  2 sun moths (Spider:4)
  5 pharaoh ants
  16 sea snakes
  3 steelbarb worms (Spider:3)
  3 glowing orange brains
  4 flayed ghosts
  42 deep trolls
  11 orb spiders
  An obsidian statue (D:13)
  A bunyip skeleton (Crypt:2)
  An orange crystal statue (Depths:1)
  An anaconda skeleton (Crypt:3)
  26 ironbound convokers
  2 deep elf zephyrmancers (Crypt:3)
  A wolf spider zombie (Crypt:3)
  8 wizards
  18 wolf spiders
  7 necromancers
  An iron dragon zombie (Vaults:5)
  4 deep elf archers
  A mana viper (shapeshifter) (Depths:2)
  15 lindwurms
  11 phantasmal warriors
  5 deep elf pyromancers
  8 orc knights
  A frost giant zombie (Crypt:2)
  29 harpies
  7 orc sorcerers
  10 fauns
  12 cyclopes
  A jorogumo skeleton (Crypt:1)
  22 moths of wrath
  2 oklob plants (Lair:5)
  19 manticores
  39 ugly things
  A stone giant skeleton (Depths:1)
  A smoke demon (Lair:5)
  A guardian serpent (Desolation)
  29 elephants
  5 black mambas
  An elf zombie (Vaults:5)
  9 merfolk sirens
  A dire elephant zombie (Crypt:3)
  A frost giant skeleton (Crypt:2)
  12 vault sentinels
  7 water nymphs
  Maggie (Lair:2)
  2 orange demons
  A storm dragon simulacrum (Crypt:3)
  2 titan simulacra
  9 rime drakes
  4 torpor snails
  14 cane toads
  2 gargoyles
  A naga skeleton (Crypt:3)
  3 efreet
  An unseen horror zombie (Crypt:3)
  5 kobold demonologists
  4 ice devils
  14 komodo dragons
  A tormentor (Zot:2)
  51 yaktaurs
  3 tengu conjurers
  A yaktaur (shapeshifter) (Zot:3)
  3 freezing wraiths
  4 demonic crawlers
  A mana viper zombie (Crypt:2)
  7 trolls
  4 red devils
  51 merfolk
  A death drake zombie (Crypt:3)
  A black draconian skeleton (Crypt:2)
  3 meliai (Spider:3)
  A green draconian skeleton (Crypt:1)
  17 guardian mummies
  4 polar bears
  6 wind drakes
  2 merfolk (shapeshifter)
  54 saltlings (Desolation)
  29 tarantellas
  12 blink frogs
  A mana viper skeleton (Crypt:1)
  10 hornets
  32 slime creatures
  A slime creature (shapeshifter) (Vaults:2)
  A dream sheep (shapeshifter) (D:13)
  A frost giant simulacrum (Depths:1)
  9 snapping turtles
  15 dream sheep
  37 jumping spiders
  Sigmund (D:3)
  8 water elementals
  27 culicivoras
  13 flying skulls
  38 yaks
  8 wraiths
  A vampire (D:10)
  4 spriggans
  A human (Lair:4)
  A slime creature zombie (Crypt:1)
  6 wyverns
  3 basilisks
  A fire elemental (D:12)
  6 hogs (Lair:4)
  An ettin skeleton (Vaults:5)
  A black mamba skeleton (Crypt:1)
  8 ushabtiu (Tomb:1)
  A neqoxec (Depths:2)
  57 redbacks
  4 steam dragons
  10 vampire mosquitoes
  A chaos spawn (Depths:2)
  4 wargs
  A two-headed ogre zombie (D:9)
  A merfolk zombie (Crypt:3)
  17 water moccasins
  Duvessa (D:4)
  3 acid dragons
  7 hell hounds
  45 orc warriors
  A sky beast (D:8)
  6 ice beasts
  6 black bears
  19 ogres
  A dream sheep zombie (Crypt:3)
  14 wolves
  9 centaurs
  A swamp dragon skeleton (Crypt:1)
  3 phantoms (D:9)
  8 kobold brigands
  10 bullfrogs
  6 necrophages
  3 gnoll sergeants
  4 scorpions
  2 troll zombies (D:9)
  A wight (D:8)
  Dowan (D:4)
  A shapeshifter zombie (Crypt:3)
  5 howler monkeys
  8 electric eels
  A crimson imp (D:7)
  A centaur zombie (Crypt:3)
  A bullfrog skeleton (Crypt:3)
  6 hounds
  31 orc priests
  3 iguanas
  Jessica (D:3)
  33 orc wizards
  5 ogre zombies (D:9)
  An acid dragon skeleton (Crypt:1)
  2 ogre skeletons (Crypt:3)
  13 mummies
  15 gnolls
  14 adders
  A shadow imp (D:5)
  2 white imps (D:7)
  3 ufetubi (D:5)
  A dart slug (D:1)
  3 worms
  125 orcs
  4 bats
  A bat skeleton (Crypt:2)
  8 endoplasms
  6 giant cockroaches
  5 goblins
  11 hobgoblins
  A jackal (D:2)
  21 kobolds
  3 quokkas
  8 ball pythons
  3 frilled lizards
  3 goblin zombies (D:9)
  4 orc skeletons (D:9)
  18 orc zombies (D:9)
  5 rats
  A butterfly (Orc:1)
  9 tentacles (Shoals:2)
2420 creatures vanquished.

Vanquished Creatures (collateral kills)
  Sojobo (Crypt:2)
  3 royal mummies (Tomb:1)
  2 sphinxes (Tomb:1)
  2 tengu reavers (Crypt:2)
  2 bennus (Tomb:1)
  A mummy priest (Tomb:1)
  A shadow wraith (Crypt:3)
  A necromancer (Crypt:3)
  A guardian mummy (Tomb:1)
  An ushabti (Tomb:1)
  A mummy (Tomb:1)
16 creatures vanquished.

Vanquished Creatures (others)
  A draconian monk (Zot:2)
  A white draconian (Zot:2)
  A ragged hierophant (Desolation)
  A phantasmal warrior (Vaults:5)
  A faun (Shoals:4)
  A redback (Spider:3)
  An orc priest (Orc:2)
  An orc wizard (D:6)
  2 gnolls (D:8)
  An orc (Orc:2)
  73 fungi
  255 plants
  15 tentacles (Shoals:2)
354 creatures vanquished.

Grand Total: 2790 creatures vanquished

Notes
Turn   | Place    | Note
-------+----------+-------------------------------------------
     0 | D:1      | qw the Gargoyle Fighter began the quest for the Orb.
     0 | D:1      | Reached XP level 1. HP: 14/14 MP: 1/1
     0 | D:1      | 0 ||| qw: Version: 0.2-a-12-gaebbb33
     0 | D:1      | 0 ||| qw: Game counter: 1418
     0 | D:1      | 0 ||| qw: Always use a shield: true
     0 | D:1      | 0 ||| qw: God list: Okawaru
     0 | D:1      | 0 ||| qw: Allow faded altars: false
     0 | D:1      | 0 ||| qw: Do Orc after D:15 true
     0 | D:1      | 0 ||| qw: Do second Lair branch before Depths: true
     0 | D:1      | 0 ||| qw: Lair rune preference: random
     0 | D:1      | 0 ||| qw: Plans: Normal, Zot:1-4, God:TSO, Crypt, Tomb,
                  | Pan, Slime:5, Hells, Abyss, Orb
     0 | D:1      | 0 ||| PLANNING D:1-11
    50 | D:1      | Reached XP level 2. HP: 12/19 MP: 2/2
   751 | D:1      | 751 ||| DROPPING +0 club.
   937 | D:1      | Reached skill level 3 in Axes
  1109 | D:1      | Reached XP level 3. HP: 23/23 MP: 3/3
  1110 | D:1      | Found a faded altar of an unknown god.
  1310 | D:1      | 1310 ||| UPGRADING to +2 cloak.
  1315 | D:1      | 1315 ||| READING 2 scrolls labelled GECAER HEPN.
  1316 | D:1      | 1316 ||| READING scroll labelled CUGAAFR AMIXTIUM.
  1317 | D:1      | 1317 ||| READING scroll labelled HEGHYGR GAUL.
  1372 | D:2      | 1372 ||| STAIRDANCE
  1405 | D:2      | 1405 ||| STAIRDANCE
  1582 | D:2      | Identified the +4 ring mail "Eqiahu" {rC+}
  1720 | D:2      | Reached XP level 4. HP: 25/28 MP: 4/4
  1788 | D:2      | 1788 ||| Stepping ~*~*~tactically~*~*~ (stealth).
  1926 | D:2      | 1926 ||| Stepping ~*~*~tactically~*~*~ (stealth).
  2197 | D:2      | 2197 ||| Stepping ~*~*~tactically~*~*~ (stealth).
  2198 | D:2      | 2198 ||| Stepping ~*~*~tactically~*~*~ (stealth).
  2429 | D:2      | 2429 ||| UPGRADING to +0 plate armour.
  2439 | D:2      | 2439 ||| DROPPING +0 scale mail.
  2440 | D:2      | 2440 ||| READING scroll labelled XUH YNIJYTSYOF.
  2441 | D:2      | 2441 ||| READING scroll labelled XIXKUD CYRE.
  2442 | D:2      | 2442 ||| DRINKING 2 viscous yellow potions.
  2509 | D:3      | 2509 ||| STAIRDANCE
  2514 | D:3      | 2514 ||| STAIRDANCE
  2518 | D:2      | Reached XP level 5. HP: 29/32 MP: 5/5
  2575 | D:3      | 2575 ||| STAIRDANCE
  2730 | D:3      | Noticed Jessica
  2738 | D:3      | 2738 ||| Stepping ~*~*~tactically~*~*~ (hiding).
  2739 | D:3      | 2739 ||| Stepping ~*~*~tactically~*~*~ (hiding).
  2740 | D:3      | 2740 ||| Stepping ~*~*~tactically~*~*~ (hiding).
  2747 | D:3      | Killed Jessica
  2884 | D:3      | Noticed Sigmund
  2887 | D:3      | 2887 ||| DRINKING 2 potions of curing.
  2887 | D:3      | 2887 ||| (to cure confusion)
  2894 | D:3      | Killed Sigmund
  2895 | D:3      | Reached skill level 5 in Fighting
  2895 | D:3      | Reached XP level 6. HP: 24/40 MP: 6/6
  3283 | D:3      | 3283 ||| READING scroll labelled BUHUERH JAOS.
  3283 | D:3      | Identified a scroll of acquirement
  3283 | D:3      | 3283 ||| ACQUIRING +1 buckler of Oliypete {Dex+2}
  3283 | D:3      | Acquired the +1 buckler of Oliypete {Dex+2}
  3285 | D:3      | 3285 ||| UPGRADING to +1 buckler of Oliypete {Dex+2}.
  3295 | D:3      | 3295 ||| DROPPING +0 buckler.
  3296 | D:3      | 3296 ||| DRINKING 3 inky potions.
  3297 | D:3      | 3297 ||| READING 5 scrolls of identify.
  3297 | D:3      | 3297 ||| IDENTIFYING viscous black potion
  3298 | D:3      | 3298 ||| READING 4 scrolls of identify.
  3298 | D:3      | 3298 ||| IDENTIFYING silvery potion
  3299 | D:3      | 3299 ||| READING 3 scrolls of identify.
  3299 | D:3      | 3299 ||| IDENTIFYING grey potion
  3300 | D:3      | 3300 ||| DROPPING potion of ambrosia.
  3301 | D:3      | 3301 ||| DROPPING 2 potions of flight.
  3336 | D:4      | 3336 ||| STAIRDANCE
  3420 | D:4      | 3420 ||| DROPPING +0 whip.
  3501 | D:4      | Reached XP level 7. HP: 43/44 MP: 7/7
  3511 | D:4      | Found a staircase to the Ecumenical Temple.
  3512 | D:4      | 3512 ||| PLANNING TEMPLE
  3512 | D:4      | 3512 ||| READING scroll labelled ZIERID OXESAST.
  3513 | D:4      | 3513 ||| READING scroll labelled ZINUHYI ACENT.
  3522 | Temple   | Entered the Ecumenical Temple
  3571 | Temple   | 3571 ||| PLANNING OKAWARU WORSHIP
  3669 | Temple   | Became a worshipper of Warmaster Okawaru
  3670 | Temple   | 3670 ||| PLANNING D:1-11
  3911 | D:4      | Reached skill level 6 in Axes
  3972 | D:4      | Found an ornate altar of the Wu Jian Council.
  3993 | D:4      | Noticed Dowan
  3994 | D:4      | Noticed Duvessa
  3996 | D:4      | 3996 ||| Stepping ~*~*~tactically~*~*~ (hiding).
  3996 | D:4      | Found a shimmering blue altar of Sif Muna.
  3996 | D:4      | Found an opulent altar of Gozag.
  3996 | D:4      | Found a glowing golden altar of the Shining One.
  3997 | D:4      | 3997 ||| Stepping ~*~*~tactically~*~*~ (hiding).
  4002 | D:4      | 4002 ||| Stepping ~*~*~tactically~*~*~ (hiding).
  4015 | D:4      | Killed Duvessa
  4016 | D:4      | Reached skill level 1 in Dodging
  4019 | D:4      | Killed Dowan
  4128 | D:4      | Found a shimmering altar of Xom.
  4132 | D:4      | Found a radiant altar of Vehumet.
  4201 | D:4      | 4201 ||| READING 3 scrolls of identify.
  4201 | D:4      | 4201 ||| IDENTIFYING coppery potion
  4202 | D:4      | 4202 ||| DROPPING potion of berserk rage.
  4218 | D:5      | Entered Level 5 of the Dungeon
  4239 | D:5      | 4239 ||| Stepping ~*~*~tactically~*~*~ (stealth).
  4250 | D:5      | HP: 10/44 [necrophage (5)]
  4468 | D:5      | 4468 ||| FLEEEEING.
  4469 | D:5      | 4469 ||| FLEEEEING.
  4480 | D:5      | 4480 ||| FLEEEEING.
  4481 | D:5      | 4481 ||| FLEEEEING.
  4482 | D:5      | 4482 ||| FLEEEEING.
  4483 | D:5      | 4483 ||| FLEEEEING.
  4484 | D:5      | 4484 ||| FLEEEEING.
  4485 | D:5      | 4485 ||| STAIRDANCE
  4542 | D:5      | Reached * piety under Okawaru
  4543 | D:5      | Reached XP level 8. HP: 26/49 MP: 8/8
  4543 | D:5      | 4543 ||| STAIRDANCE
  4840 | D:5      | Reached skill level 1 in Invocations
  4890 | D:5      | 4890 ||| Stepping ~*~*~tactically~*~*~ (hiding).
  4891 | D:5      | 4891 ||| Stepping ~*~*~tactically~*~*~ (hiding).
  5169 | D:5      | 5169 ||| UPGRADING to +0 helmet.
  5174 | D:5      | 5174 ||| READING 3 scrolls of identify.
  5174 | D:5      | 5174 ||| IDENTIFYING brown potion
  5175 | D:5      | 5175 ||| DROPPING potion of invisibility.
  5301 | D:6      | 5301 ||| INVOKING Heroism.
  5428 | D:6      | 5428 ||| INVOKING Heroism.
  5495 | D:6      | Reached skill level 3 in Invocations
  5697 | D:6      | 5697 ||| Stepping ~*~*~tactically~*~*~ (stealth).
  5699 | D:6      | 5699 ||| Stepping ~*~*~tactically~*~*~ (stealth).
  5700 | D:6      | 5700 ||| Stepping ~*~*~tactically~*~*~ (stealth).
  5704 | D:6      | 5704 ||| INVOKING Heroism.
  5756 | D:6      | 5756 ||| Stepping ~*~*~tactically~*~*~ (hiding).
  5760 | D:6      | 5760 ||| Stepping ~*~*~tactically~*~*~ (stealth).
  5762 | D:6      | 5762 ||| INVOKING Heroism.
  5766 | D:6      | 5766 ||| Stepping ~*~*~tactically~*~*~ (hiding).
  5771 | D:6      | Reached ** piety under Okawaru
  5784 | D:6      | 5784 ||| DRINKING 4 potions of curing.
  5784 | D:6      | 5784 ||| (to cure confusion)
  5786 | D:6      | 5786 ||| DRINKING 3 potions of curing.
  5786 | D:6      | 5786 ||| (to cure confusion)
  5788 | D:6      | 5788 ||| DRINKING 2 potions of curing.
  5788 | D:6      | 5788 ||| (to cure confusion)
  5800 | D:6      | Found Elifuf's Armour Shoppe.
  5812 | D:6      | 5812 ||| INVOKING Heroism.
  5822 | D:6      | 5822 ||| Stepping ~*~*~tactically~*~*~ (stealth).
  5824 | D:6      | 5824 ||| Stepping ~*~*~tactically~*~*~ (stealth).
  5839 | D:6      | Reached skill level 1 in Throwing
  5839 | D:6      | Reached XP level 9. HP: 25/54 MP: 12/12
  5861 | D:6      | 5861 ||| FLEEEEING.
  5959 | D:6      | 5959 ||| FLEEEEING.
  5960 | D:6      | 5960 ||| FLEEEEING.
  5965 | D:6      | 5965 ||| STAIRDANCE
  6000 | D:5      | 6000 ||| UPGRADING to +2 helmet.
  6010 | D:5      | 6010 ||| DROPPING +0 helmet.
  6011 | D:5      | 6011 ||| DROPPING +0 cloak of stealth.
  6012 | D:5      | 6012 ||| READING 3 scrolls labelled ANITZU FADGHO.
  6013 | D:5      | 6013 ||| DROPPING 2 scrolls of fear.
  6016 | D:6      | 6016 ||| INVOKING Heroism.
  6119 | D:6      | 6119 ||| INVOKING Heroism.
  6135 | D:6      | Reached skill level 6 in Fighting
  6224 | D:6      | 6224 ||| INVOKING Heroism.
  6420 | D:6      | 6420 ||| READING scroll labelled UQEUD SEOZUW.
  6457 | D:7      | 6457 ||| INVOKING Heroism.
  6463 | D:7      | Reached skill level 9 in Axes
  6474 | D:7      | 6474 ||| Stepping ~*~*~tactically~*~*~ (hiding).
  6476 | D:7      | 6476 ||| Stepping ~*~*~tactically~*~*~ (hiding).
  6483 | D:7      | 6483 ||| Stepping ~*~*~tactically~*~*~ (stealth).
  6484 | D:7      | 6484 ||| Stepping ~*~*~tactically~*~*~ (stealth).
  6505 | D:7      | 6505 ||| Stepping ~*~*~tactically~*~*~ (stealth).
  6673 | D:7      | Reached skill level 6 in Armour
  6851 | D:7      | 6851 ||| INVOKING Heroism.
  6996 | D:7      | 6996 ||| UPGRADING to +0 kite shield.
  7006 | D:7      | 7006 ||| DROPPING +1 buckler of Oliypete {Dex+2}.
  7007 | D:7      | 7007 ||| READING scroll labelled BUSUSHR HATAMA.
  7008 | D:7      | 7008 ||| DRINKING 2 bubbling blue potions.
  7008 | D:7      | Gained mutation: You occasionally lose the ability to read
                  | scrolls when taking damage. [potion of mutation]
  7009 | D:7      | 7009 ||| DRINKING potion of mutation.
  7009 | D:7      | Lost mutation: You occasionally lose the ability to read
                  | scrolls when taking damage. [potion of mutation]
  7009 | D:7      | Gained mutation: You have an increased reservoir of magic.
                  | (+10% MP) [potion of mutation]
  7009 | D:7      | Gained mutation: You occasionally shout uncontrollably at
                  | your foes. [potion of mutation]
  7009 | D:7      | Gained mutation: Your muscles are strong. (Str +4, Int/Dex
                  | -1) [potion of mutation]
  7017 | D:7      | 7017 ||| READING 4 scrolls of identify.
  7017 | D:7      | 7017 ||| IDENTIFYING dark potion
  7062 | D:8      | Reached *** piety under Okawaru
  7094 | D:8      | 7094 ||| Stepping ~*~*~tactically~*~*~ (hiding).
  7095 | D:8      | 7095 ||| Stepping ~*~*~tactically~*~*~ (hiding).
  7096 | D:8      | 7096 ||| Stepping ~*~*~tactically~*~*~ (hiding).
  7103 | D:8      | 7103 ||| INVOKING Heroism.
  7106 | D:8      | Reached XP level 10. HP: 61/61 MP: 11/14
  7126 | D:8      | 7126 ||| INVOKING Heroism.
  7138 | D:8      | Reached skill level 6 in Shields
  7225 | D:8      | Received a gift from Okawaru
  7226 | D:8      | 7226 ||| Stepping ~*~*~tactically~*~*~ (hiding).
  7228 | D:8      | 7228 ||| Stepping ~*~*~tactically~*~*~ (hiding).
  7234 | D:8      | 7234 ||| INVOKING Heroism.
  7237 | D:8      | 7237 ||| Stepping ~*~*~tactically~*~*~ (hiding).
  7249 | D:8      | 7249 ||| Stepping ~*~*~tactically~*~*~ (cloud).
  7456 | D:8      | 7456 ||| Stepping ~*~*~tactically~*~*~ (hiding).
  7457 | D:8      | 7457 ||| Stepping ~*~*~tactically~*~*~ (hiding).
  7462 | D:8      | Reached skill level 7 in Fighting
  7666 | D:8      | 7666 ||| INVOKING Heroism.
  7669 | D:8      | 7669 ||| Stepping randomly (cloudy).
  7674 | D:8      | 7674 ||| Stepping ~*~*~tactically~*~*~ (cloud).
  7728 | D:8      | Found Nupafay's Magic Scroll Shoppe.
  7736 | D:8      | 7736 ||| BUYING scroll of enchant armour (105 gold).
  7736 | D:8      | Bought a scroll of enchant armour for 105 gold pieces
  7736 | D:8      | 7736 ||| BUYING scroll of identify (28 gold).
  7736 | D:8      | Bought a scroll of identify for 28 gold pieces
  7736 | D:8      | 7736 ||| BUYING scroll of identify (28 gold).
  7736 | D:8      | Bought a scroll of identify for 28 gold pieces
  7736 | D:8      | 7736 ||| BUYING scroll of identify (28 gold).
  7736 | D:8      | Bought a scroll of identify for 28 gold pieces
  7736 | D:8      | 7736 ||| BUYING scroll of identify (28 gold).
  7736 | D:8      | Bought a scroll of identify for 28 gold pieces
  7736 | D:8      | 7736 ||| BUYING scroll of teleportation (42 gold).
  7736 | D:8      | Bought a scroll of teleportation for 42 gold pieces
  7736 | D:8      | 7736 ||| READING scroll of enchant armour.
  7736 | D:8      | 7736 ||| ENCHANTING +0 plate armour.
  7946 | D:8      | Found a transporter.
  7946 | D:8      | Noticed qw's ghost (novice GrFi)
  7946 | D:8      | Identified the +5 great mace of Reason {vorpal, rN+}
  7946 | D:8      | Identified the +8 dire flail of Disembowelment {holy,
                  | +Blink}
  7946 | D:8      | Noticed a two-headed ogre
  7947 | D:8      | Found a transporter.
  7994 | D:8      | Found a staircase to the Lair.
  8272 | D:8      | 8272 ||| PLANNING LAIR
  8272 | D:8      | 8272 ||| DROPPING +4 ring mail "Eqiahu" {rC+}.
  8273 | D:8      | 8273 ||| READING scroll labelled SUADES LESH.
  8274 | D:8      | 8274 ||| READING 2 scrolls labelled ORUPIR WAOWK.
  8275 | D:8      | 8275 ||| READING scroll of enchant weapon.
  8275 | D:8      | 8275 ||| ENCHANTING +0 spectral war axe.
  8284 | Lair:1   | Entered Level 1 of the Lair of Beasts
  8316 | Lair:1   | Noticed a cane toad
  8317 | Lair:1   | 8317 ||| INVOKING Heroism.
  8322 | Lair:1   | Killed a cane toad
  8328 | Lair:1   | Reached skill level 9 in Shields
  8404 | Lair:1   | Reached **** piety under Okawaru
  8446 | Lair:1   | 8446 ||| INVOKING Heroism.
  8495 | Lair:1   | Noticed a six-headed hydra
  8496 | Lair:1   | 8496 ||| INVOKING Heroism.
  8499 | Lair:1   | 8499 ||| SWAPPING to +0 flail.
  8510 | Lair:1   | Killed a six-headed hydra
  8511 | Lair:1   | Reached XP level 11. HP: 20/67 MP: 14/16
  8511 | Lair:1   | 8511 ||| SWAPPING to +1 spectral war axe.
  8906 | Lair:1   | 8906 ||| INVOKING Heroism.
  8913 | Lair:1   | Reached skill level 6 in Invocations
  9025 | Lair:1   | 9025 ||| INVOKING Heroism.
  9362 | Lair:1   | 9362 ||| READING 9 scrolls of identify.
  9362 | Lair:1   | 9362 ||| IDENTIFYING green potion
  9425 | Lair:2   | Found a runed translucent door.
  9442 | Lair:2   | Reached ***** piety under Okawaru
  9446 | Lair:2   | Reached skill level 8 in Fighting
  9448 | Lair:2   | 9448 ||| INVOKING Heroism.
  9477 | Lair:2   | 9477 ||| FLEEEEING.
  9478 | Lair:2   | 9478 ||| INVOKING Heroism.
  9700 | Lair:2   | Noticed Maggie
  9705 | Lair:2   | 9705 ||| INVOKING Heroism.
  9710 | Lair:2   | Killed Maggie
  9791 | Lair:2   | Found a staircase to the Shoals.
  9946 | Lair:2   | Noticed qw's ghost (novice GrFi)
  9967 | Lair:2   | 9967 ||| READING scroll of acquirement.
  9967 | Lair:2   | 9967 ||| ACQUIRING amulet of Hallinadd {RegenMP Drain rN+
                  | Will+++ SInv}
  9967 | Lair:2   | Acquired the amulet of Hallinadd {RegenMP Drain rN+ Will+++
                  | SInv}
  9969 | Lair:2   | 9969 ||| UPGRADING to amulet of Hallinadd {RegenMP Drain
                  | rN+ Will+++ SInv}.
 10010 | Lair:2   | 10010 ||| INVOKING Heroism.
 10109 | Lair:2   | 10109 ||| INVOKING Heroism.
 10121 | Lair:2   | Received a gift from Okawaru
 10122 | Lair:2   | Reached skill level 9 in Invocations
 10190 | Lair:2   | Noticed a boulder beetle
 10191 | Lair:2   | 10191 ||| INVOKING Heroism.
 10192 | Lair:2   | 10192 ||| INVOKING Finesse.
 10204 | Lair:2   | Killed a boulder beetle
 10292 | Lair:2   | 10292 ||| INVOKING Heroism.
 10295 | Lair:2   | Reached XP level 12. HP: 70/73 MP: 18/20
 10305 | Lair:2   | Received a gift from Okawaru
 10358 | Lair:2   | 10358 ||| FLEEEEING.
 10361 | Lair:2   | 10361 ||| FLEEEEING.
 10363 | Lair:2   | 10363 ||| FLEEEEING.
 10364 | Lair:2   | 10364 ||| FLEEEEING.
 10365 | Lair:2   | 10365 ||| FLEEEEING.
 10368 | Lair:2   | 10368 ||| FLEEEEING.
 10369 | Lair:2   | 10369 ||| FLEEEEING.
 10370 | Lair:2   | 10370 ||| FLEEEEING.
 10371 | Lair:2   | 10371 ||| FLEEEEING.
 10372 | Lair:2   | 10372 ||| FLEEEEING.
 10385 | Lair:2   | 10385 ||| FLEEEEING.
 10386 | Lair:2   | 10386 ||| FLEEEEING.
 10387 | Lair:2   | 10387 ||| FLEEEEING.
 10388 | Lair:2   | 10388 ||| FLEEEEING.
 10389 | Lair:2   | 10389 ||| FLEEEEING.
 10391 | Lair:2   | 10391 ||| STAIRDANCE
 10449 | Lair:1   | 10449 ||| READING 9 scrolls of identify.
 10449 | Lair:1   | 10449 ||| IDENTIFYING white potion
 10450 | Lair:1   | 10450 ||| DROPPING potion of degeneration.
 10454 | Lair:2   | 10454 ||| INVOKING Heroism.
 10871 | Lair:3   | Noticed a seven-headed hydra
 10872 | Lair:3   | 10872 ||| STAIRDANCE
 10901 | Lair:3   | 10901 ||| STAIRDANCE
 10903 | Lair:2   | 10903 ||| INVOKING Heroism.
 10904 | Lair:2   | 10904 ||| SWAPPING to +0 flail.
 10905 | Lair:2   | 10905 ||| INVOKING Finesse.
 10906 | Lair:2   | 10906 ||| Stepping ~*~*~tactically~*~*~ (outnumbered).
 10907 | Lair:2   | 10907 ||| Stepping ~*~*~tactically~*~*~ (outnumbered).
 10908 | Lair:2   | 10908 ||| Stepping ~*~*~tactically~*~*~ (outnumbered).
 10909 | Lair:2   | 10909 ||| Stepping ~*~*~tactically~*~*~ (outnumbered).
 10910 | Lair:2   | 10910 ||| Stepping ~*~*~tactically~*~*~ (outnumbered).
 10911 | Lair:2   | 10911 ||| Stepping ~*~*~tactically~*~*~ (outnumbered).
 10912 | Lair:2   | 10912 ||| Stepping ~*~*~tactically~*~*~ (outnumbered).
 10913 | Lair:2   | 10913 ||| Stepping ~*~*~tactically~*~*~ (outnumbered).
 10914 | Lair:2   | 10914 ||| Stepping ~*~*~tactically~*~*~ (outnumbered).
 10918 | Lair:2   | 10918 ||| Stepping ~*~*~tactically~*~*~ (outnumbered).
 10941 | Lair:2   | Killed a seven-headed hydra
 10942 | Lair:2   | 10942 ||| SWAPPING to +1 spectral war axe.
 11207 | Lair:3   | 11207 ||| STAIRDANCE
 11304 | Lair:3   | 11304 ||| INVOKING Heroism.
 11346 | Lair:3   | 11346 ||| Stepping ~*~*~tactically~*~*~ (stealth).
 11347 | Lair:3   | 11347 ||| INVOKING Heroism.
 11444 | Lair:3   | Reached skill level 9 in Fighting
 11513 | Lair:3   | Found the +0 staff of Battle
 11590 | Lair:3   | 11590 ||| INVOKING Heroism.
 11592 | Lair:3   | Received a gift from Okawaru
 11694 | Lair:3   | Found a hole to the Spider Nest.
 11695 | Lair:3   | 11695 ||| INVOKING Heroism.
 11820 | Lair:3   | 11820 ||| INVOKING Heroism.
 11821 | Lair:3   | 11821 ||| Stepping ~*~*~tactically~*~*~ (stealth).
 11827 | Lair:3   | Received a gift from Okawaru
 11828 | Lair:3   | Noticed an eight-headed hydra
 11829 | Lair:3   | 11829 ||| INVOKING Finesse.
 11831 | Lair:3   | Reached skill level 3 in Throwing
 11837 | Lair:3   | 11837 ||| SWAPPING to +0 flail.
 11847 | Lair:3   | Killed an eight-headed hydra
 11848 | Lair:3   | 11848 ||| SWAPPING to +1 spectral war axe.
 12013 | Lair:3   | 12013 ||| INVOKING Heroism.
 12021 | Lair:3   | Identified the +7 war axe "Kiucs" {speed, rF+ Str+4}
                  | (Okawaru gifted it to you on level 3 of the Lair of Beasts)
 12021 | Lair:3   | Received a gift from Okawaru
 12199 | Lair:3   | 12199 ||| SWAPPING to +7 war axe "Kiucs" {speed, rF+
                  | Str+4}.
 12200 | Lair:3   | 12200 ||| DROPPING +1 spectral war axe.
 12638 | Lair:3   | 12638 ||| UPGRADING to +2 pair of boots.
 12643 | Lair:3   | 12643 ||| DROPPING amulet of magic regeneration.
 12724 | Lair:4   | Noticed a death yak
 12724 | Lair:4   | Noticed a death yak
 12725 | Lair:4   | 12725 ||| INVOKING Heroism.
 12726 | Lair:4   | 12726 ||| INVOKING Finesse.
 12730 | Lair:4   | Noticed a death yak
 12730 | Lair:4   | Noticed a death yak
 12734 | Lair:4   | Noticed a death yak
 12738 | Lair:4   | Killed a death yak
 12744 | Lair:4   | Killed a death yak
 12745 | Lair:4   | Reached skill level 12 in Axes
 12759 | Lair:4   | Killed a death yak
 12760 | Lair:4   | Killed a death yak
 12769 | Lair:4   | Killed a death yak
 12770 | Lair:4   | Reached XP level 13. HP: 49/80 MP: 22/22
 12771 | Lair:4   | Reached skill level 9 in Armour
 13004 | Lair:4   | 13004 ||| Stepping ~*~*~tactically~*~*~ (stealth).
 13006 | Lair:4   | 13006 ||| INVOKING Heroism.
 13051 | Lair:4   | Received a gift from Okawaru
 13099 | Lair:4   | 13099 ||| INVOKING Heroism.
 13107 | Lair:4   | 13107 ||| Stepping ~*~*~tactically~*~*~ (stealth).
 13127 | Lair:4   | 13127 ||| Stepping ~*~*~tactically~*~*~ (stealth).
 13131 | Lair:4   | Reached skill level 10 in Fighting
 13144 | Lair:4   | 13144 ||| Stepping ~*~*~tactically~*~*~ (stealth).
 13434 | Lair:4   | 13434 ||| Stepping ~*~*~tactically~*~*~ (stealth).
 13436 | Lair:4   | 13436 ||| INVOKING Heroism.
 13437 | Lair:4   | 13437 ||| SWAPPING to +0 flail.
 13438 | Lair:4   | 13438 ||| INVOKING Finesse.
 13447 | Lair:4   | 13447 ||| SWAPPING to +7 war axe "Kiucs" {speed, rF+
                  | Str+4}.
 13525 | Lair:4   | 13525 ||| FLEEEEING.
 13530 | Lair:4   | 13530 ||| STAIRDANCE
 13575 | Lair:3   | 13575 ||| READING 11 scrolls of identify.
 13575 | Lair:3   | 13575 ||| IDENTIFYING clear potion
 13576 | Lair:3   | 13576 ||| DROPPING potion of brilliance.
 13585 | Lair:4   | 13585 ||| INVOKING Heroism.
 13587 | Lair:4   | 13587 ||| INVOKING Finesse.
 13848 | Lair:4   | 13848 ||| INVOKING Heroism.
 13961 | Lair:4   | 13961 ||| INVOKING Heroism.
 14276 | Lair:4   | 14276 ||| READING scroll labelled BERHAL WUMPAILUAZ.
 14286 | Lair:5   | Entered Level 5 of the Lair of Beasts
 14286 | Lair:5   | Noticed Kirke
 14287 | Lair:5   | 14287 ||| INVOKING Heroism.
 14288 | Lair:5   | 14288 ||| INVOKING Finesse.
 14289 | Lair:5   | 14289 ||| STAIRDANCE
 14295 | Lair:4   | Received a gift from Okawaru
 14303 | Lair:4   | 14303 ||| DROPPING +0 pair of boots of stealth.
 14306 | Lair:5   | 14306 ||| STAIRDANCE
 14318 | Lair:4   | Killed Kirke
 14355 | Lair:5   | 14355 ||| STAIRDANCE
 14357 | Lair:4   | 14357 ||| INVOKING Heroism.
 14402 | Lair:5   | 14402 ||| INVOKING Heroism.
 14404 | Lair:5   | 14404 ||| STAIRDANCE
 14511 | Lair:5   | 14511 ||| Stepping ~*~*~tactically~*~*~ (stealth).
 14514 | Lair:5   | 14514 ||| Stepping ~*~*~tactically~*~*~ (stealth).
 14516 | Lair:5   | 14516 ||| Stepping ~*~*~tactically~*~*~ (stealth).
 14519 | Lair:5   | 14519 ||| Stepping ~*~*~tactically~*~*~ (stealth).
 14521 | Lair:5   | 14521 ||| Stepping ~*~*~tactically~*~*~ (stealth).
 14533 | Lair:5   | 14533 ||| Stepping ~*~*~tactically~*~*~ (stealth).
 14534 | Lair:5   | 14534 ||| INVOKING Heroism.
 14551 | Lair:5   | Gained mutation: Your large and strong wings let you fly.
                  | [Gargoyle growth]
 14551 | Lair:5   | Reached XP level 14. HP: 83/88 MP: 23/23
 14592 | Lair:5   | 14592 ||| INVOKING Heroism.
 14595 | Lair:5   | 14595 ||| INVOKING Finesse.
 14604 | Lair:5   | 14604 ||| SWAPPING to +0 flail.
 14611 | Lair:5   | 14611 ||| SWAPPING to +7 war axe "Kiucs" {speed, rF+
                  | Str+4}.
 14627 | Lair:5   | 14627 ||| INVOKING Finesse.
 14632 | Lair:5   | 14632 ||| SWAPPING to +0 flail.
 14640 | Lair:5   | 14640 ||| INVOKING Heroism.
 14642 | Lair:5   | 14642 ||| SWAPPING to +7 war axe "Kiucs" {speed, rF+
                  | Str+4}.
 14850 | Lair:5   | 14850 ||| Stepping ~*~*~tactically~*~*~ (hiding).
 14889 | Lair:5   | 14889 ||| INVOKING Heroism.
 14890 | Lair:5   | 14890 ||| INVOKING Finesse.
 15008 | Lair:5   | 15008 ||| Stepping ~*~*~tactically~*~*~ (stealth).
 15060 | Lair:5   | 15060 ||| INVOKING Heroism.
 15142 | Lair:5   | 15142 ||| Stepping ~*~*~tactically~*~*~ (hiding).
 15221 | Lair:5   | 15221 ||| INVOKING Heroism.
 15222 | Lair:5   | 15222 ||| INVOKING Finesse.
 15226 | Lair:5   | 15226 ||| SWAPPING to +0 flail.
 15234 | Lair:5   | Reached skill level 11 in Fighting
 15234 | Lair:5   | 15234 ||| SWAPPING to +7 war axe "Kiucs" {speed, rF+
                  | Str+4}.
 15265 | Lair:5   | 15265 ||| Stepping ~*~*~tactically~*~*~ (hiding).
 15275 | Lair:5   | 15275 ||| Stepping ~*~*~tactically~*~*~ (hiding).
 15281 | Lair:5   | Received a gift from Okawaru
 15291 | Lair:5   | 15291 ||| FLEEEEING.
 15292 | Lair:5   | 15292 ||| FLEEEEING.
 15368 | Lair:5   | 15368 ||| Stepping ~*~*~tactically~*~*~ (stealth).
 15370 | Lair:5   | 15370 ||| Stepping ~*~*~tactically~*~*~ (hiding).
 15385 | Lair:5   | Found a burning altar of Makhleb.
 15387 | Lair:5   | 15387 ||| Stepping ~*~*~tactically~*~*~ (stealth).
 15388 | Lair:5   | 15388 ||| Stepping ~*~*~tactically~*~*~ (stealth).
 15390 | Lair:5   | 15390 ||| Stepping ~*~*~tactically~*~*~ (hiding).
 15393 | Lair:5   | 15393 ||| INVOKING Heroism.
 15394 | Lair:5   | 15394 ||| INVOKING Finesse.
 15466 | Lair:5   | 15466 ||| INVOKING Heroism.
 15467 | Lair:5   | 15467 ||| INVOKING Finesse.
 15487 | Lair:5   | Reached skill level 12 in Shields
 15628 | Lair:5   | Found a gateway to Hell.
 15698 | Lair:5   | Received a gift from Okawaru
 15714 | Lair:5   | 15714 ||| FLEEEEING.
 15715 | Lair:5   | 15715 ||| FLEEEEING.
 15716 | Lair:5   | 15716 ||| FLEEEEING.
 15718 | Lair:5   | 15718 ||| FLEEEEING.
 15721 | Lair:5   | 15721 ||| FLEEEEING.
 15722 | Lair:5   | 15722 ||| FLEEEEING.
 15723 | Lair:5   | 15723 ||| FLEEEEING.
 15724 | Lair:5   | 15724 ||| FLEEEEING.
 15726 | Lair:5   | 15726 ||| INVOKING Heroism.
 15771 | Lair:5   | 15771 ||| Stepping ~*~*~tactically~*~*~ (stealth).
 15772 | Lair:5   | 15772 ||| Stepping ~*~*~tactically~*~*~ (stealth).
 15794 | Lair:5   | 15794 ||| INVOKING Heroism.
 15803 | Lair:5   | 15803 ||| Stepping ~*~*~tactically~*~*~ (stealth).
 15813 | Lair:5   | Received a gift from Okawaru
 15830 | Lair:5   | 15830 ||| INVOKING Heroism.
 16182 | Lair:5   | 16182 ||| INVOKING Heroism.
 16183 | Lair:5   | 16183 ||| INVOKING Finesse.
 16185 | Lair:5   | Found a staircase to the Slime Pits.
 16186 | Lair:5   | 16186 ||| FLEEEEING.
 16187 | Lair:5   | 16187 ||| FLEEEEING.
 16188 | Lair:5   | 16188 ||| FLEEEEING.
 16312 | Lair:5   | 16312 ||| INVOKING Heroism.
 16329 | Lair:5   | HP: 16/90 [oklob plant/splash of acid (10)]
 16330 | Lair:5   | 16330 ||| READING 2 scrolls of teleportation.
 16784 | Lair:5   | 16784 ||| Stepping ~*~*~tactically~*~*~ (stealth).
 16787 | Lair:5   | 16787 ||| Stepping ~*~*~tactically~*~*~ (stealth).
 16789 | Lair:5   | 16789 ||| Stepping ~*~*~tactically~*~*~ (stealth).
 16790 | Lair:5   | 16790 ||| Stepping ~*~*~tactically~*~*~ (stealth).
 16793 | Lair:5   | 16793 ||| Stepping ~*~*~tactically~*~*~ (stealth).
 16794 | Lair:5   | 16794 ||| Stepping ~*~*~tactically~*~*~ (stealth).
 16803 | Lair:5   | 16803 ||| INVOKING Heroism.
 16804 | Lair:5   | 16804 ||| Stepping ~*~*~tactically~*~*~ (stealth).
 16812 | Lair:5   | Received a gift from Okawaru
 16814 | Lair:5   | Reached skill level 6 in Throwing
 16852 | Lair:5   | 16852 ||| PLANNING D:1-11
 17062 | D:9      | 17062 ||| INVOKING Heroism.
 17090 | D:9      | 17090 ||| Stepping ~*~*~tactically~*~*~ (stealth).
 17091 | D:9      | 17091 ||| Stepping ~*~*~tactically~*~*~ (stealth).
 17125 | D:9      | 17125 ||| INVOKING Heroism.
 17126 | D:9      | Noticed Erica
 17127 | D:9      | 17127 ||| Stepping ~*~*~tactically~*~*~ (hiding).
 17128 | D:9      | 17128 ||| INVOKING Finesse.
 17132 | D:9      | 17132 ||| Stepping ~*~*~tactically~*~*~ (hiding).
 17143 | D:9      | Killed Erica
 17144 | D:9      | Reached skill level 15 in Axes
 17152 | D:9      | 17152 ||| Stepping ~*~*~tactically~*~*~ (stealth).
 17155 | D:9      | 17155 ||| Stepping ~*~*~tactically~*~*~ (hiding).
 17175 | D:9      | Found a staircase to the Orcish Mines.
 17176 | D:9      | 17176 ||| Stepping ~*~*~tactically~*~*~ (stealth).
 17178 | D:9      | 17178 ||| Stepping ~*~*~tactically~*~*~ (stealth).
 17179 | D:9      | 17179 ||| Stepping ~*~*~tactically~*~*~ (stealth).
 17180 | D:9      | 17180 ||| Stepping ~*~*~tactically~*~*~ (stealth).
 17181 | D:9      | 17181 ||| Stepping ~*~*~tactically~*~*~ (stealth).
 17314 | D:9      | 17314 ||| FLEEEEING.
 17315 | D:9      | 17315 ||| FLEEEEING.
 17316 | D:9      | 17316 ||| FLEEEEING.
 17317 | D:9      | 17317 ||| FLEEEEING.
 17318 | D:9      | 17318 ||| FLEEEEING.
 17319 | D:9      | 17319 ||| FLEEEEING.
 17320 | D:9      | 17320 ||| FLEEEEING.
 17321 | D:9      | 17321 ||| FLEEEEING.
 17322 | D:9      | 17322 ||| FLEEEEING.
 17327 | D:9      | 17327 ||| FLEEEEING.
 17373 | D:9      | 17373 ||| FLEEEEING.
 17374 | D:9      | 17374 ||| FLEEEEING.
 17375 | D:9      | 17375 ||| FLEEEEING.
 17376 | D:9      | 17376 ||| FLEEEEING.
 17377 | D:9      | 17377 ||| FLEEEEING.
 17378 | D:9      | 17378 ||| FLEEEEING.
 17379 | D:9      | 17379 ||| FLEEEEING.
 17380 | D:9      | 17380 ||| FLEEEEING.
 17381 | D:9      | 17381 ||| FLEEEEING.
 17382 | D:9      | 17382 ||| FLEEEEING.
 17383 | D:9      | 17383 ||| FLEEEEING.
 17384 | D:9      | 17384 ||| FLEEEEING.
 17385 | D:9      | 17385 ||| FLEEEEING.
 17386 | D:9      | 17386 ||| FLEEEEING.
 17387 | D:9      | 17387 ||| STAIRDANCE
 17488 | D:8      | 17488 ||| READING 12 scrolls of identify.
 17488 | D:8      | 17488 ||| IDENTIFYING sedimented purple potion
 17491 | D:9      | 17491 ||| Stepping ~*~*~tactically~*~*~ (hiding).
 17499 | D:9      | 17499 ||| STAIRDANCE
 17531 | D:9      | 17531 ||| Stepping ~*~*~tactically~*~*~ (hiding).
 17532 | D:9      | 17532 ||| Stepping ~*~*~tactically~*~*~ (hiding).
 17547 | D:9      | 17547 ||| DROPPING +0 flail.
 17579 | D:9      | Found a snail-covered altar of Cheibriados.
 17585 | D:9      | Found a runed translucent gate.
 17585 | D:9      | Found a runed translucent gate.
 17585 | D:9      | Found a runed translucent gate.
 17605 | D:9      | 17605 ||| Stepping ~*~*~tactically~*~*~ (stealth).
 17619 | D:9      | Found a white marble altar of Elyvilon.
 17683 | D:9      | Noticed qw's ghost (journeyman GrFi)
 17683 | D:9      | Found the brooch of Shielding {Spirit SH+8}
 17689 | D:9      | 17689 ||| UPGRADING to +2 plate armour of cold resistance.
 17699 | D:9      | 17699 ||| DROPPING +1 plate armour.
 17723 | D:10     | Entered Level 10 of the Dungeon
 17752 | D:10     | Found a flagged portal.
 17754 | D:10     | 17754 ||| INVOKING Heroism.
 17871 | D:10     | 17871 ||| Stepping ~*~*~tactically~*~*~ (hiding).
 17882 | D:10     | 17882 ||| INVOKING Heroism.
 17910 | D:10     | 17910 ||| Stepping ~*~*~tactically~*~*~ (hiding).
 18322 | D:10     | Found Iraukof's Distillery.
 18326 | D:10     | 18326 ||| BUYING 2 potions of magic (256 gold).
 18326 | D:10     | Bought 2 potions of magic for 256 gold pieces
 18326 | D:10     | 18326 ||| BUYING potion of attraction (48 gold).
 18326 | D:10     | Bought a potion of attraction for 48 gold pieces
 18326 | D:10     | 18326 ||| BUYING potion of curing (48 gold).
 18326 | D:10     | Bought a potion of curing for 48 gold pieces
 18326 | D:10     | 18326 ||| BUYING potion of haste (160 gold).
 18326 | D:10     | Bought a potion of haste for 160 gold pieces
 18326 | D:10     | 18326 ||| BUYING potion of haste (160 gold).
 18326 | D:10     | Bought a potion of haste for 160 gold pieces
 18326 | D:10     | 18326 ||| SHOPLISTING potion of heal wounds (80 gold, have
                  | 24).
 18326 | D:10     | 18326 ||| SHOPLISTING potion of might (64 gold, have 24).
 18357 | D:10     | 18357 ||| Stepping ~*~*~tactically~*~*~ (stealth).
 18368 | D:10     | 18368 ||| READING scroll of acquirement.
 18368 | D:10     | 18368 ||| ACQUIRING +1 pair of gloves of the Unbroken
                  | {Dex+4}
 18368 | D:10     | Acquired the +1 pair of gloves of the Unbroken {Dex+4}
 18370 | D:10     | 18370 ||| UPGRADING to +1 pair of gloves of the Unbroken
                  | {Dex+4}.
 18670 | D:10     | Found a bloodstained altar of Trog.
 18672 | D:10     | 18672 ||| Stepping ~*~*~tactically~*~*~ (stealth).
 18880 | D:11     | 18880 ||| Stepping ~*~*~tactically~*~*~ (hiding).
 18886 | D:11     | 18886 ||| Stepping ~*~*~tactically~*~*~ (hiding).
 18898 | D:11     | Reached skill level 3 in Dodging
 18904 | D:11     | Reached XP level 15. HP: 89/94 MP: 24/24
 18975 | D:11     | 18975 ||| INVOKING Heroism.
 18995 | D:11     | 18995 ||| Stepping ~*~*~tactically~*~*~ (stealth).
 19565 | D:11     | 19565 ||| PLANNING D
 19565 | D:11     | 19565 ||| READING 14 scrolls of identify.
 19565 | D:11     | 19565 ||| IDENTIFYING emerald potion
 19600 | D:12     | 19600 ||| STAIRDANCE
 19613 | D:12     | 19613 ||| STAIRDANCE
 19689 | D:12     | 19689 ||| Stepping ~*~*~tactically~*~*~ (stealth).
 19690 | D:12     | 19690 ||| Stepping ~*~*~tactically~*~*~ (stealth).
 19701 | D:12     | 19701 ||| Stepping ~*~*~tactically~*~*~ (stealth).
 19788 | D:12     | Noticed Fannar
 19789 | D:12     | 19789 ||| Stepping ~*~*~tactically~*~*~ (hiding).
 19801 | D:12     | Killed Fannar
 19945 | D:12     | Noticed Josephine
 19946 | D:12     | 19946 ||| Stepping ~*~*~tactically~*~*~ (hiding).
 19965 | D:12     | Killed Josephine
 19965 | D:12     | Received a gift from Okawaru
 19987 | D:12     | Reached skill level 12 in Fighting
 20028 | D:12     | 20028 ||| INVOKING Heroism.
 20290 | D:12     | 20290 ||| INVOKING Heroism.
 20291 | D:12     | Noticed Azrael
 20292 | D:12     | 20292 ||| INVOKING Finesse.
 20296 | D:12     | Received a gift from Okawaru
 20320 | D:12     | Killed Azrael
 20523 | D:13     | 20523 ||| STAIRDANCE
 20530 | D:13     | 20530 ||| STAIRDANCE
 20622 | D:13     | 20622 ||| INVOKING Heroism.
 20623 | D:13     | 20623 ||| Stepping ~*~*~tactically~*~*~ (hiding).
 20625 | D:13     | 20625 ||| INVOKING Finesse.
 20951 | D:13     | Noticed Urug
 20952 | D:13     | 20952 ||| FLEEEEING.
 20953 | D:13     | 20953 ||| FLEEEEING.
 20954 | D:13     | 20954 ||| FLEEEEING.
 20955 | D:13     | 20955 ||| STAIRDANCE
 21020 | D:13     | 21020 ||| STAIRDANCE
 21022 | D:12     | 21022 ||| INVOKING Heroism.
 21023 | D:12     | 21023 ||| INVOKING Finesse.
 21025 | D:12     | Killed Urug
 21140 | D:12     | 21140 ||| DROPPING +0 morningstar.
 21262 | D:13     | Received a gift from Okawaru
 21333 | D:13     | 21333 ||| INVOKING Heroism.
 21385 | D:13     | Found a gate to the Vaults.
 21388 | D:13     | 21388 ||| INVOKING Heroism.
 21648 | D:13     | Found Cuto's Magic Scroll Shoppe.
 21653 | D:13     | 21653 ||| SHOPLISTING scroll of acquirement (624 gold, have
                  | 424).
 21653 | D:13     | 21653 ||| BUYING scroll of teleportation (36 gold).
 21653 | D:13     | Bought a scroll of teleportation for 36 gold pieces
 21818 | D:13     | 21818 ||| INVOKING Heroism.
 21820 | D:13     | 21820 ||| Stepping ~*~*~tactically~*~*~ (hiding).
 22023 | D:13     | 22023 ||| UPGRADING to +1 pair of gloves of strength.
 22033 | D:13     | 22033 ||| DROPPING +1 pair of gloves of the Unbroken
                  | {Dex+4}.
 22034 | D:13     | 22034 ||| DROPPING amulet of faith.
 22049 | D:14     | 22049 ||| Stepping ~*~*~tactically~*~*~ (stealth).
 22144 | D:14     | 22144 ||| INVOKING Heroism.
 22203 | D:14     | Found a portal to a secret trove of treasure.
 22245 | D:14     | 22245 ||| INVOKING Heroism.
 22373 | D:14     | 22373 ||| INVOKING Heroism.
 22464 | D:14     | Reached skill level 12 in Armour
 22467 | D:14     | 22467 ||| Stepping ~*~*~tactically~*~*~ (stealth).
 22792 | D:14     | 22792 ||| Stepping ~*~*~tactically~*~*~ (hiding).
 22793 | D:14     | 22793 ||| Stepping ~*~*~tactically~*~*~ (hiding).
 23045 | D:15     | Entered Level 15 of the Dungeon
 23190 | D:15     | 23190 ||| Stepping ~*~*~tactically~*~*~ (hiding).
 23196 | D:15     | 23196 ||| INVOKING Heroism.
 23207 | D:15     | Reached XP level 16. HP: 100/103 MP: 25/25
 23254 | D:15     | 23254 ||| Stepping ~*~*~tactically~*~*~ (hiding).
 23255 | D:15     | 23255 ||| Stepping ~*~*~tactically~*~*~ (hiding).
 23437 | D:15     | Found a frozen archway.
 23438 | D:15     | 23438 ||| INVOKING Heroism.
 23502 | D:15     | 23502 ||| FLEEEEING.
 23503 | D:15     | 23503 ||| FLEEEEING.
 23504 | D:15     | 23504 ||| FLEEEEING.
 23505 | D:15     | 23505 ||| FLEEEEING.
 23506 | D:15     | 23506 ||| FLEEEEING.
 23507 | D:15     | 23507 ||| FLEEEEING.
 23519 | D:15     | 23519 ||| FLEEEEING.
 23520 | D:15     | 23520 ||| FLEEEEING.
 23521 | D:15     | 23521 ||| FLEEEEING.
 23522 | D:15     | 23522 ||| FLEEEEING.
 23523 | D:15     | 23523 ||| FLEEEEING.
 23524 | D:15     | 23524 ||| FLEEEEING.
 23529 | D:15     | 23529 ||| FLEEEEING.
 23530 | D:15     | 23530 ||| FLEEEEING.
 23531 | D:15     | 23531 ||| FLEEEEING.
 23534 | D:15     | 23534 ||| FLEEEEING.
 23535 | D:15     | 23535 ||| FLEEEEING.
 23536 | D:15     | 23536 ||| FLEEEEING.
 23539 | D:15     | 23539 ||| STAIRDANCE
 23545 | D:14     | Received a gift from Okawaru
 23625 | D:14     | 23625 ||| DROPPING scarf of invisibility.
 23626 | D:14     | 23626 ||| READING 2 scrolls labelled QACLUNG UJYNE.
 23727 | D:14     | 23727 ||| DROPPING scroll of silence.
 24033 | D:15     | Found a staircase to the Depths.
 24132 | D:15     | 24132 ||| PLANNING ORC
 24308 | Orc:1    | Entered Level 1 of the Orcish Mines
 24311 | Orc:1    | 24311 ||| INVOKING Heroism.
 24321 | Orc:1    | 24321 ||| Stepping ~*~*~tactically~*~*~ (hiding).
 24345 | Orc:1    | 24345 ||| Stepping ~*~*~tactically~*~*~ (stealth).
 24350 | Orc:1    | 24350 ||| Stepping ~*~*~tactically~*~*~ (stealth).
 24357 | Orc:1    | 24357 ||| Stepping ~*~*~tactically~*~*~ (hiding).
 24359 | Orc:1    | 24359 ||| INVOKING Heroism.
 24360 | Orc:1    | 24360 ||| Stepping ~*~*~tactically~*~*~ (hiding).
 24368 | Orc:1    | 24368 ||| INVOKING Finesse.
 24602 | Orc:2    | Entered Level 2 of the Orcish Mines
 24603 | Orc:2    | 24603 ||| INVOKING Heroism.
 24604 | Orc:2    | 24604 ||| STAIRDANCE
 24617 | Orc:2    | 24617 ||| STAIRDANCE
 24671 | Orc:2    | Reached skill level 13 in Fighting
 24690 | Orc:2    | 24690 ||| Stepping ~*~*~tactically~*~*~ (stealth).
 24706 | Orc:2    | 24706 ||| Stepping ~*~*~tactically~*~*~ (hiding).
 24716 | Orc:2    | 24716 ||| FLEEEEING.
 24758 | Orc:2    | 24758 ||| Stepping ~*~*~tactically~*~*~ (hiding).
 24851 | Orc:2    | 24851 ||| INVOKING Heroism.
 24854 | Orc:2    | 24854 ||| Stepping ~*~*~tactically~*~*~ (stealth).
 24973 | Orc:2    | Found God Ware's Magic Scroll Shop.
 24974 | Orc:2    | 24974 ||| INVOKING Heroism.
 24988 | Orc:2    | 24988 ||| BUYING scroll of teleportation (30 gold).
 24988 | Orc:2    | Bought a scroll of teleportation for 30 gold pieces
 24995 | Orc:2    | Found Rovebimu's General Store.
 25029 | Orc:2    | 25029 ||| Stepping ~*~*~tactically~*~*~ (hiding).
 25101 | Orc:2    | 25101 ||| INVOKING Heroism.
 25205 | Orc:2    | 25205 ||| Stepping ~*~*~tactically~*~*~ (stealth).
 25420 | Orc:2    | 25420 ||| Stepping ~*~*~tactically~*~*~ (stealth).
 25726 | Orc:2    | 25726 ||| INVOKING Heroism.
 25727 | Orc:2    | 25727 ||| INVOKING Finesse.
 25823 | Orc:2    | 25823 ||| Stepping ~*~*~tactically~*~*~ (hiding).
 25887 | Orc:2    | 25887 ||| INVOKING Heroism.
 25942 | Orc:2    | Identified the +3 spear of Zeutsoki {flame, rF+++ Str-4
                  | Stlth+}
 25993 | Orc:2    | Found a staircase to the Elven Halls.
 26034 | Orc:2    | 26034 ||| INVOKING Heroism.
 26096 | Orc:2    | 26096 ||| Stepping ~*~*~tactically~*~*~ (hiding).
 26099 | Orc:2    | 26099 ||| Stepping ~*~*~tactically~*~*~ (hiding).
 26100 | Orc:2    | 26100 ||| Stepping ~*~*~tactically~*~*~ (hiding).
 26170 | Orc:2    | 26170 ||| FLEEEEING.
 26171 | Orc:2    | 26171 ||| FLEEEEING.
 26172 | Orc:2    | 26172 ||| FLEEEEING.
 26173 | Orc:2    | 26173 ||| FLEEEEING.
 26175 | Orc:2    | 26175 ||| Stepping ~*~*~tactically~*~*~ (hiding).
 26176 | Orc:2    | 26176 ||| Stepping ~*~*~tactically~*~*~ (hiding).
 26177 | Orc:2    | 26177 ||| Stepping ~*~*~tactically~*~*~ (hiding).
 26248 | Orc:2    | Noticed Saint Roka
 26249 | Orc:2    | 26249 ||| INVOKING Heroism.
 26275 | Orc:2    | Killed Saint Roka
 26278 | Orc:2    | HP: 24/102 [orange demon[Saint Roka] (9)]
 26279 | Orc:2    | 26279 ||| READING 5 scrolls of teleportation.
 26280 | Orc:2    | 26280 ||| DRINKING 5 potions of heal wounds.
 26283 | Orc:2    | Found Fifeump's Book Shop.
 26286 | Orc:2    | HP: 25/103 [orc priest/divine providence (12)]
 26287 | Orc:2    | 26287 ||| READING 4 scrolls of teleportation.
 26292 | Orc:2    | 26292 ||| DRINKING 4 potions of heal wounds.
 26576 | Orc:2    | 26576 ||| FLEEEEING.
 26577 | Orc:2    | 26577 ||| FLEEEEING.
 26578 | Orc:2    | 26578 ||| FLEEEEING.
 26579 | Orc:2    | 26579 ||| FLEEEEING.
 26580 | Orc:2    | 26580 ||| FLEEEEING.
 26582 | Orc:2    | 26582 ||| FLEEEEING.
 26590 | Orc:2    | 26590 ||| Stepping ~*~*~tactically~*~*~ (hiding).
 26645 | Orc:2    | 26645 ||| INVOKING Heroism.
 26656 | Orc:2    | 26656 ||| Stepping ~*~*~tactically~*~*~ (hiding).
 26657 | Orc:2    | 26657 ||| Stepping ~*~*~tactically~*~*~ (hiding).
 26661 | Orc:2    | Found Ibbai's Book Boutique.
 26759 | Orc:2    | 26759 ||| INVOKING Heroism.
 26873 | Orc:2    | 26873 ||| INVOKING Heroism.
 26929 | Orc:2    | 26929 ||| DROPPING ring of wizardry.
 26985 | Orc:1    | 26985 ||| INVOKING Heroism.
 27131 | Orc:1    | 27131 ||| INVOKING Heroism.
 27315 | Orc:1    | 27315 ||| PLANNING SPIDER:1-3
 27498 | Spider:1 | Entered Level 1 of the Spider Nest
 27502 | Spider:1 | 27502 ||| INVOKING Heroism.
 27539 | Spider:1 | 27539 ||| Stepping ~*~*~tactically~*~*~ (stealth).
 27546 | Spider:1 | Reached skill level 14 in Fighting
 27606 | Spider:1 | 27606 ||| INVOKING Heroism.
 27649 | Spider:1 | 27649 ||| Stepping ~*~*~tactically~*~*~ (stealth).
 27658 | Spider:1 | 27658 ||| INVOKING Heroism.
 27732 | Spider:1 | 27732 ||| INVOKING Heroism.
 27855 | Spider:1 | 27855 ||| Stepping ~*~*~tactically~*~*~ (hiding).
 27862 | Spider:1 | 27862 ||| INVOKING Heroism.
 27880 | Spider:1 | 27880 ||| INVOKING Finesse.
 28118 | Spider:1 | 28118 ||| Stepping ~*~*~tactically~*~*~ (stealth).
 28119 | Spider:1 | 28119 ||| Stepping ~*~*~tactically~*~*~ (stealth).
 28120 | Spider:1 | 28120 ||| Stepping ~*~*~tactically~*~*~ (stealth).
 28121 | Spider:1 | 28121 ||| Stepping ~*~*~tactically~*~*~ (stealth).
 28129 | Spider:1 | 28129 ||| Stepping ~*~*~tactically~*~*~ (stealth).
 28186 | Spider:1 | 28186 ||| Stepping ~*~*~tactically~*~*~ (stealth).
 28258 | Spider:1 | 28258 ||| Stepping ~*~*~tactically~*~*~ (stealth).
 28260 | Spider:1 | 28260 ||| Stepping ~*~*~tactically~*~*~ (stealth).
 28262 | Spider:1 | 28262 ||| Stepping ~*~*~tactically~*~*~ (hiding).
 28273 | Spider:1 | 28273 ||| Stepping ~*~*~tactically~*~*~ (stealth).
 28279 | Spider:1 | Reached XP level 17. HP: 79/111 MP: 1/26
 28285 | Spider:1 | Received a gift from Okawaru
 28696 | Spider:1 | 28696 ||| DROPPING +2 pair of gloves of stealth.
 28697 | Spider:1 | 28697 ||| READING scroll labelled VODA NUHEI.
 28706 | Spider:2 | 28706 ||| INVOKING Finesse.
 28719 | Spider:2 | 28719 ||| READING 3 scrolls of teleportation.
 28753 | Spider:2 | 28753 ||| Stepping ~*~*~tactically~*~*~ (stealth).
 28919 | Spider:2 | 28919 ||| Stepping ~*~*~tactically~*~*~ (stealth).
 28920 | Spider:2 | 28920 ||| Stepping ~*~*~tactically~*~*~ (stealth).
 29031 | Spider:2 | 29031 ||| DRINKING 13 potions of curing.
 29031 | Spider:2 | 29031 ||| (to cure confusion)
 29119 | Spider:2 | 29119 ||| Stepping ~*~*~tactically~*~*~ (stealth).
 29120 | Spider:2 | 29120 ||| INVOKING Finesse.
 29130 | Spider:2 | 29130 ||| INVOKING Heroism.
 29278 | Spider:2 | 29278 ||| INVOKING Finesse.
 29279 | Spider:2 | 29279 ||| INVOKING Heroism.
 29299 | Spider:2 | Reached skill level 15 in Fighting
 29366 | Spider:2 | 29366 ||| INVOKING Heroism.
 29847 | Spider:2 | 29847 ||| UPGRADING to +4 ring of protection.
 29979 | Spider:3 | Noticed Jorgrun
 29988 | Spider:3 | 29988 ||| INVOKING Heroism.
 30005 | Spider:3 | HP: 20/113 [constriction (17)]
 30006 | Spider:3 | 30006 ||| READING 2 scrolls of teleportation.
 30007 | Spider:3 | 30007 ||| DRINKING 3 potions of heal wounds.
 30010 | Spider:3 | Killed Jorgrun
 30010 | Spider:3 | HP: 26/113 [redback (9)]
 30011 | Spider:3 | 30011 ||| DRINKING 2 potions of heal wounds.
 30325 | Spider:3 | 30325 ||| Stepping ~*~*~tactically~*~*~ (stealth).
 30326 | Spider:3 | 30326 ||| Stepping ~*~*~tactically~*~*~ (stealth).
 30328 | Spider:3 | 30328 ||| Stepping ~*~*~tactically~*~*~ (stealth).
 30417 | Spider:3 | 30417 ||| FLEEEEING.
 30418 | Spider:3 | 30418 ||| FLEEEEING.
 30419 | Spider:3 | 30419 ||| FLEEEEING.
 30422 | Spider:3 | 30422 ||| FLEEEEING.
 30423 | Spider:3 | 30423 ||| FLEEEEING.
 30424 | Spider:3 | 30424 ||| STAIRDANCE
 30428 | Spider:3 | 30428 ||| STAIRDANCE
 30456 | Spider:3 | 30456 ||| STAIRDANCE
 30494 | Spider:3 | 30494 ||| Stepping ~*~*~tactically~*~*~ (stealth).
 30507 | Spider:3 | 30507 ||| INVOKING Heroism.
 30547 | Spider:3 | 30547 ||| Stepping ~*~*~tactically~*~*~ (stealth).
 30562 | Spider:3 | 30562 ||| Stepping ~*~*~tactically~*~*~ (stealth).
 30608 | Spider:3 | Identified the +0 leather armour of Gehenna {Int+2 SInv}
 30640 | Spider:3 | 30640 ||| Stepping ~*~*~tactically~*~*~ (stealth).
 30647 | Spider:3 | 30647 ||| Stepping ~*~*~tactically~*~*~ (stealth).
 30649 | Spider:3 | 30649 ||| INVOKING Heroism.
 31147 | Spider:3 | 31147 ||| PLANNING SHOALS:1-3
 31277 | Shoals:1 | Entered Level 1 of the Shoals
 31285 | Shoals:1 | Reached skill level 15 in Armour
 31293 | Shoals:1 | 31293 ||| INVOKING Heroism.
 31335 | Shoals:1 | Reached skill level 15 in Shields
 31335 | Shoals:1 | 31335 ||| INVOKING Finesse.
 31368 | Shoals:1 | 31368 ||| INVOKING Heroism.
 31580 | Shoals:1 | 31580 ||| INVOKING Heroism.
 31663 | Shoals:1 | 31663 ||| INVOKING Heroism.
 31845 | Shoals:1 | 31845 ||| INVOKING Heroism.
 31907 | Shoals:1 | 31907 ||| INVOKING Heroism.
 32469 | Shoals:1 | Identified the +9 dagger "Biguuh" {vorpal, rC+ Dex+2}
 32742 | Shoals:2 | 32742 ||| Stepping ~*~*~tactically~*~*~ (hiding).
 32785 | Shoals:2 | 32785 ||| Stepping ~*~*~tactically~*~*~ (hiding).
 32952 | Shoals:2 | 32952 ||| Stepping ~*~*~tactically~*~*~ (hiding).
 32953 | Shoals:2 | 32953 ||| Stepping ~*~*~tactically~*~*~ (hiding).
 32954 | Shoals:2 | 32954 ||| Stepping ~*~*~tactically~*~*~ (hiding).
 33077 | Shoals:2 | 33077 ||| Stepping ~*~*~tactically~*~*~ (hiding).
 33093 | Shoals:2 | 33093 ||| INVOKING Heroism.
 33105 | Shoals:2 | Received a gift from Okawaru
 33201 | Shoals:2 | 33201 ||| FLEEEEING.
 33202 | Shoals:2 | 33202 ||| FLEEEEING.
 33207 | Shoals:2 | 33207 ||| FLEEEEING.
 33214 | Shoals:2 | 33214 ||| STAIRDANCE
 33326 | Shoals:2 | 33326 ||| Stepping ~*~*~tactically~*~*~ (hiding).
 33333 | Shoals:2 | Reached skill level 16 in Fighting
 33357 | Shoals:2 | 33357 ||| Stepping ~*~*~tactically~*~*~ (stealth).
 33359 | Shoals:2 | 33359 ||| Stepping ~*~*~tactically~*~*~ (hiding).
 33406 | Shoals:2 | Noticed a kraken
 33409 | Shoals:2 | 33409 ||| INVOKING Heroism.
 33414 | Shoals:2 | Killed a kraken
 33414 | Shoals:2 | Received a gift from Okawaru
 33415 | Shoals:2 | Reached XP level 18. HP: 116/120 MP: 28/28
 33455 | Shoals:2 | 33455 ||| DROPPING +2 eveningstar of draining.
 33474 | Shoals:2 | 33474 ||| INVOKING Heroism.
 33491 | Shoals:2 | Received a gift from Okawaru
 33505 | Shoals:2 | 33505 ||| INVOKING Heroism.
 33591 | Shoals:2 | 33591 ||| FLEEEEING.
 33592 | Shoals:2 | 33592 ||| FLEEEEING.
 33593 | Shoals:2 | 33593 ||| FLEEEEING.
 33594 | Shoals:2 | 33594 ||| INVOKING Heroism.
 33595 | Shoals:2 | 33595 ||| INVOKING Finesse.
 33598 | Shoals:2 | 33598 ||| FLEEEEING.
 33599 | Shoals:2 | 33599 ||| FLEEEEING.
 33600 | Shoals:2 | 33600 ||| FLEEEEING.
 33626 | Shoals:2 | 33626 ||| FLEEEEING.
 33627 | Shoals:2 | 33627 ||| FLEEEEING.
 33628 | Shoals:2 | 33628 ||| FLEEEEING.
 33629 | Shoals:2 | 33629 ||| FLEEEEING.
 33630 | Shoals:2 | 33630 ||| FLEEEEING.
 33631 | Shoals:2 | 33631 ||| FLEEEEING.
 33709 | Shoals:2 | 33709 ||| FLEEEEING.
 33947 | Shoals:2 | 33947 ||| INVOKING Heroism.
 33948 | Shoals:2 | 33948 ||| INVOKING Finesse.
 33991 | Shoals:2 | 33991 ||| INVOKING Heroism.
 34035 | Shoals:2 | 34035 ||| FLEEEEING.
 34057 | Shoals:2 | 34057 ||| FLEEEEING.
 34059 | Shoals:2 | 34059 ||| FLEEEEING.
 34060 | Shoals:2 | 34060 ||| FLEEEEING.
 34087 | Shoals:2 | 34087 ||| INVOKING Heroism.
 34285 | Shoals:2 | 34285 ||| INVOKING Heroism.
 34360 | Shoals:2 | 34360 ||| READING 6 scrolls of teleportation.
 34470 | Shoals:2 | 34470 ||| Stepping ~*~*~tactically~*~*~ (stealth).
 34473 | Shoals:2 | 34473 ||| Stepping ~*~*~tactically~*~*~ (hiding).
 34474 | Shoals:2 | 34474 ||| Stepping ~*~*~tactically~*~*~ (hiding).
 34475 | Shoals:2 | 34475 ||| Stepping ~*~*~tactically~*~*~ (hiding).
 34579 | Shoals:2 | 34579 ||| Stepping ~*~*~tactically~*~*~ (stealth).
 34588 | Shoals:2 | 34588 ||| Stepping ~*~*~tactically~*~*~ (hiding).
 34590 | Shoals:2 | 34590 ||| Stepping ~*~*~tactically~*~*~ (hiding).
 34695 | Shoals:2 | 34695 ||| Stepping ~*~*~tactically~*~*~ (stealth).
 34698 | Shoals:2 | Found a sacrificial altar of Ru.
 34785 | Shoals:2 | 34785 ||| INVOKING Heroism.
 34926 | Shoals:2 | 34926 ||| INVOKING Heroism.
 34941 | Shoals:2 | Found a runed translucent door.
 35386 | Shoals:3 | 35386 ||| INVOKING Heroism.
 35452 | Shoals:3 | 35452 ||| READING scroll of enchant armour.
 35452 | Shoals:3 | 35452 ||| ENCHANTING +1 pair of gloves of strength.
 35462 | Shoals:3 | Identified the +0 robe "Pikodeyh" {Dex+3}
 35497 | Shoals:3 | 35497 ||| INVOKING Heroism.
 35498 | Shoals:3 | 35498 ||| INVOKING Finesse.
 35514 | Shoals:3 | Reached skill level 9 in Throwing
 35743 | Shoals:3 | 35743 ||| READING scroll of enchant armour.
 35743 | Shoals:3 | 35743 ||| ENCHANTING +2 plate armour of cold resistance.
 35758 | Shoals:3 | Reached skill level 17 in Fighting
 35817 | Shoals:3 | 35817 ||| INVOKING Heroism.
 36292 | Shoals:3 | 36292 ||| Stepping ~*~*~tactically~*~*~ (hiding).
 36295 | Shoals:3 | 36295 ||| Stepping ~*~*~tactically~*~*~ (hiding).
 36296 | Shoals:3 | 36296 ||| Stepping ~*~*~tactically~*~*~ (hiding).
 36315 | Shoals:3 | Received a gift from Okawaru
 36363 | Shoals:3 | 36363 ||| INVOKING Heroism.
 36364 | Shoals:3 | 36364 ||| Stepping ~*~*~tactically~*~*~ (hiding).
 36750 | Shoals:3 | 36750 ||| DROPPING +1 hat.
 36757 | Shoals:2 | 36757 ||| INVOKING Heroism.
 36768 | Shoals:2 | Received a gift from Okawaru
 36826 | Shoals:2 | 36826 ||| PLANNING SPIDER:4
 37033 | Spider:4 | Entered Level 4 of the Spider Nest
 37071 | Spider:4 | 37071 ||| INVOKING Heroism.
 37078 | Spider:4 | 37078 ||| Stepping ~*~*~tactically~*~*~ (stealth).
 37093 | Spider:4 | 37093 ||| Stepping ~*~*~tactically~*~*~ (hiding).
 37096 | Spider:4 | 37096 ||| INVOKING Finesse.
 37140 | Spider:4 | 37140 ||| INVOKING Heroism.
 37174 | Spider:4 | 37174 ||| Stepping ~*~*~tactically~*~*~ (stealth).
 37176 | Spider:4 | 37176 ||| Stepping ~*~*~tactically~*~*~ (stealth).
 37181 | Spider:4 | 37181 ||| Stepping ~*~*~tactically~*~*~ (stealth).
 37189 | Spider:4 | 37189 ||| INVOKING Finesse.
 37206 | Spider:4 | 37206 ||| INVOKING Heroism.
 37221 | Spider:4 | Identified the +5 plate armour "Ganeuh" {rC+ Str+4 Int+4}
                  | (Okawaru gifted it to you on level 4 of the Spider Nest)
 37221 | Spider:4 | Received a gift from Okawaru
 37250 | Spider:4 | 37250 ||| Stepping ~*~*~tactically~*~*~ (stealth).
 37251 | Spider:4 | 37251 ||| Stepping ~*~*~tactically~*~*~ (stealth).
 37257 | Spider:4 | 37257 ||| Stepping ~*~*~tactically~*~*~ (stealth).
 37377 | Spider:4 | 37377 ||| INVOKING Finesse.
 37435 | Spider:4 | 37435 ||| INVOKING Finesse.
 37535 | Spider:4 | 37535 ||| Stepping ~*~*~tactically~*~*~ (stealth).
 37655 | Spider:4 | 37655 ||| Stepping ~*~*~tactically~*~*~ (stealth).
 37657 | Spider:4 | 37657 ||| Stepping ~*~*~tactically~*~*~ (stealth).
 37668 | Spider:4 | 37668 ||| INVOKING Finesse.
 37696 | Spider:4 | 37696 ||| Stepping ~*~*~tactically~*~*~ (stealth).
 37703 | Spider:4 | 37703 ||| Stepping ~*~*~tactically~*~*~ (hiding).
 37905 | Spider:4 | 37905 ||| Stepping ~*~*~tactically~*~*~ (stealth).
 37925 | Spider:4 | 37925 ||| INVOKING Heroism.
 38244 | Spider:4 | 38244 ||| INVOKING Heroism.
 38303 | Spider:4 | 38303 ||| Stepping ~*~*~tactically~*~*~ (stealth).
 38361 | Spider:4 | 38361 ||| Stepping ~*~*~tactically~*~*~ (stealth).
 38362 | Spider:4 | 38362 ||| Stepping ~*~*~tactically~*~*~ (stealth).
 38366 | Spider:4 | 38366 ||| INVOKING Heroism.
 38547 | Spider:4 | 38547 ||| INVOKING Heroism.
 38563 | Spider:4 | Reached XP level 19. HP: 115/128 MP: 29/29
 38789 | Spider:4 | Got a gossamer rune of Zot
 38790 | Spider:4 | 38790 ||| PLANNING VAULTS:1-4
 38790 | Spider:4 | 38790 ||| DROPPING +2 chain mail of fire resistance.
 38791 | Spider:4 | 38791 ||| UPGRADING to +5 plate armour "Ganeuh" {rC+ Str+4
                  | Int+4}.
 38801 | Spider:4 | 38801 ||| DROPPING +3 plate armour of cold resistance.
 38802 | Spider:4 | 38802 ||| DROPPING +2 hat of stealth.
 38803 | Spider:4 | 38803 ||| DROPPING scarf of invisibility.
 38804 | Spider:4 | 38804 ||| DROPPING scarf of invisibility.
 38805 | Spider:4 | 38805 ||| UPGRADING to ring of resist corrosion.
 38806 | Spider:4 | 38806 ||| READING 23 scrolls of identify.
 38806 | Spider:4 | 38806 ||| IDENTIFYING fuming grey potion
 39128 | Vaults:1 | Entered Level 1 of the Vaults
 39202 | Vaults:1 | 39202 ||| Stepping ~*~*~tactically~*~*~ (stealth).
 39344 | Vaults:1 | 39344 ||| Stepping ~*~*~tactically~*~*~ (stealth).
 39349 | Vaults:1 | 39349 ||| Stepping ~*~*~tactically~*~*~ (hiding).
 39384 | Vaults:1 | 39384 ||| Stepping ~*~*~tactically~*~*~ (hiding).
 39397 | Vaults:1 | 39397 ||| INVOKING Heroism.
 39415 | Vaults:1 | Reached skill level 18 in Fighting
 39695 | Vaults:1 | 39695 ||| INVOKING Heroism.
 39719 | Vaults:1 | Received a gift from Okawaru
 39971 | Vaults:1 | 39971 ||| INVOKING Heroism.
 39987 | Vaults:1 | Received a gift from Okawaru
 40005 | Vaults:1 | 40005 ||| Stepping ~*~*~tactically~*~*~ (stealth).
 40008 | Vaults:1 | 40008 ||| Stepping ~*~*~tactically~*~*~ (hiding).
 40009 | Vaults:1 | 40009 ||| Stepping ~*~*~tactically~*~*~ (hiding).
 40014 | Vaults:1 | 40014 ||| INVOKING Heroism.
 40289 | Vaults:1 | Noticed a golden dragon
 40320 | Vaults:1 | 40320 ||| Stepping ~*~*~tactically~*~*~ (stealth).
 40513 | Vaults:1 | Noticed Asterion
 40514 | Vaults:1 | 40514 ||| Stepping ~*~*~tactically~*~*~ (hiding).
 40516 | Vaults:1 | 40516 ||| INVOKING Heroism.
 40517 | Vaults:1 | 40517 ||| INVOKING Finesse.
 40531 | Vaults:1 | Killed Asterion
 40662 | Vaults:1 | 40662 ||| READING scroll of acquirement.
 40662 | Vaults:1 | 40662 ||| ACQUIRING +6 ring of strength
 40662 | Vaults:1 | Acquired a +6 ring of strength
 40664 | Vaults:1 | 40664 ||| DROPPING ring of willpower.
 40767 | Vaults:1 | 40767 ||| Stepping ~*~*~tactically~*~*~ (hiding).
 40771 | Vaults:1 | 40771 ||| Stepping ~*~*~tactically~*~*~ (hiding).
 40886 | Vaults:1 | Identified the +6 arbalest "Ecro" {elec, rC+ Int+2 Stlth+}
 41003 | Vaults:1 | 41003 ||| INVOKING Heroism.
 41132 | Vaults:1 | 41132 ||| DROPPING amulet of the acrobat.
 41133 | Vaults:1 | 41133 ||| UPGRADING to +6 ring of strength.
 41227 | Vaults:2 | 41227 ||| INVOKING Heroism.
 41231 | Vaults:2 | Received a gift from Okawaru
 41240 | Vaults:2 | 41240 ||| Stepping ~*~*~tactically~*~*~ (hiding).
 41250 | Vaults:2 | Reached skill level 18 in Armour
 41349 | Vaults:2 | 41349 ||| INVOKING Heroism.
 41445 | Vaults:2 | 41445 ||| Stepping ~*~*~tactically~*~*~ (hiding).
 41447 | Vaults:2 | 41447 ||| INVOKING Heroism.
 41468 | Vaults:2 | Received a gift from Okawaru
 41622 | Vaults:2 | 41622 ||| INVOKING Heroism.
 41863 | Vaults:2 | 41863 ||| INVOKING Heroism.
 41983 | Vaults:2 | 41983 ||| FLEEEEING.
 41984 | Vaults:2 | 41984 ||| FLEEEEING.
 41985 | Vaults:2 | 41985 ||| FLEEEEING.
 41986 | Vaults:2 | 41986 ||| FLEEEEING.
 41987 | Vaults:2 | 41987 ||| FLEEEEING.
 41988 | Vaults:2 | 41988 ||| FLEEEEING.
 41989 | Vaults:2 | 41989 ||| FLEEEEING.
 41990 | Vaults:2 | 41990 ||| FLEEEEING.
 41992 | Vaults:2 | 41992 ||| FLEEEEING.
 41994 | Vaults:2 | 41994 ||| STAIRDANCE
 42072 | Vaults:2 | Reached skill level 19 in Fighting
 42215 | Vaults:2 | 42215 ||| INVOKING Heroism.
 42284 | Vaults:2 | Reached XP level 20. HP: 126/139 MP: 30/30
 42318 | Vaults:2 | 42318 ||| Stepping ~*~*~tactically~*~*~ (stealth).
 42319 | Vaults:2 | 42319 ||| Stepping ~*~*~tactically~*~*~ (hiding).
 42324 | Vaults:2 | 42324 ||| INVOKING Heroism.
 42463 | Vaults:2 | 42463 ||| Stepping ~*~*~tactically~*~*~ (stealth).
 42471 | Vaults:2 | 42471 ||| Stepping ~*~*~tactically~*~*~ (hiding).
 42478 | Vaults:2 | Received a gift from Okawaru
 42713 | Vaults:2 | 42713 ||| Stepping ~*~*~tactically~*~*~ (hiding).
 42722 | Vaults:2 | 42722 ||| INVOKING Finesse.
 42902 | Vaults:2 | 42902 ||| Stepping ~*~*~tactically~*~*~ (hiding).
 43008 | Vaults:2 | 43008 ||| Stepping ~*~*~tactically~*~*~ (stealth).
 43011 | Vaults:2 | 43011 ||| Stepping ~*~*~tactically~*~*~ (hiding).
 43205 | Vaults:2 | 43205 ||| UPGRADING to +0 tower shield.
 43215 | Vaults:2 | 43215 ||| DROPPING +0 kite shield.
 43248 | Vaults:3 | 43248 ||| PLANNING DESOLATION
 43290 | Vaults:3 | Found a crumbling gateway.
 43337 | Desolati | Entered the Desolation of Salt
 43353 | Desolati | 43353 ||| INVOKING Heroism.
 43411 | Desolati | 43411 ||| INVOKING Heroism.
 43509 | Desolati | 43509 ||| INVOKING Heroism.
 43543 | Desolati | Reached skill level 18 in Shields
 44037 | Desolati | 44037 ||| INVOKING Heroism.
 44118 | Desolati | 44118 ||| INVOKING Heroism.
 44137 | Desolati | Received a gift from Okawaru
 44382 | Desolati | 44382 ||| Stepping ~*~*~tactically~*~*~ (stealth).
 44385 | Desolati | 44385 ||| Stepping ~*~*~tactically~*~*~ (stealth).
 44563 | Desolati | Found the +8 longbow "Zephyr" {speed, Dex+3 SInv}
 44571 | Desolati | Identified the +1 chain mail of Gallantry {Harm Drain
                  | Regen+ Str-5}
 44574 | Desolati | Identified the ring "Acois" {Int+2 SInv}
 44576 | Desolati | Identified the amulet of Acziyrin {Acrobat rPois SInv}
 44601 | Vaults:3 | 44601 ||| PLANNING VAULTS:1-4
 44620 | Vaults:3 | 44620 ||| Stepping ~*~*~tactically~*~*~ (hiding).
 44622 | Vaults:3 | 44622 ||| Stepping ~*~*~tactically~*~*~ (hiding).
 44643 | Vaults:3 | 44643 ||| Stepping ~*~*~tactically~*~*~ (hiding).
 44717 | Vaults:3 | 44717 ||| INVOKING Heroism.
 44718 | Vaults:3 | 44718 ||| INVOKING Finesse.
 44727 | Vaults:3 | Identified the +1 plate armour of Okawaru's Delight {rElec
                  | rC+ Str+7 Int-2} (Okawaru gifted it to you on level 3 of
                  | the Vaults)
 44727 | Vaults:3 | Received a gift from Okawaru
 44866 | Vaults:3 | 44866 ||| DROPPING +1 plate armour of Okawaru's Delight
                  | {rElec rC+ Str+7 Int-2}.
 44867 | Vaults:3 | 44867 ||| READING 7 scrolls of teleportation.
 44931 | Vaults:3 | 44931 ||| READING 6 scrolls of teleportation.
 45074 | Vaults:3 | 45074 ||| Stepping ~*~*~tactically~*~*~ (stealth).
 45077 | Vaults:3 | 45077 ||| Stepping ~*~*~tactically~*~*~ (hiding).
 45161 | Vaults:3 | 45161 ||| READING 5 scrolls of teleportation.
 45275 | Vaults:3 | 45275 ||| INVOKING Heroism.
 45447 | Vaults:3 | 45447 ||| Stepping ~*~*~tactically~*~*~ (hiding).
 45561 | Vaults:3 | 45561 ||| Stepping ~*~*~tactically~*~*~ (hiding).
 45577 | Vaults:3 | Reached XP level 21. HP: 129/144 MP: 31/31
 45630 | Vaults:3 | 45630 ||| INVOKING Heroism.
 45774 | Vaults:3 | 45774 ||| INVOKING Heroism.
 45955 | Vaults:3 | 45955 ||| INVOKING Heroism.
 46225 | Vaults:3 | 46225 ||| INVOKING Heroism.
 46383 | Vaults:3 | 46383 ||| INVOKING Heroism.
 46384 | Vaults:3 | 46384 ||| INVOKING Finesse.
 46406 | Vaults:3 | Found a staircase to the Crypt.
 46511 | Vaults:3 | 46511 ||| INVOKING Heroism.
 46735 | Vaults:3 | 46735 ||| DROPPING +2 pair of boots.
 46783 | Vaults:4 | 46783 ||| Stepping ~*~*~tactically~*~*~ (hiding).
 46785 | Vaults:4 | 46785 ||| Stepping ~*~*~tactically~*~*~ (hiding).
 46905 | Vaults:4 | 46905 ||| READING 4 scrolls of teleportation.
 46908 | Vaults:4 | 46908 ||| INVOKING Heroism.
 46942 | Vaults:4 | 46942 ||| Stepping ~*~*~tactically~*~*~ (stealth).
 46944 | Vaults:4 | 46944 ||| Stepping ~*~*~tactically~*~*~ (hiding).
 46946 | Vaults:4 | 46946 ||| Stepping ~*~*~tactically~*~*~ (hiding).
 46950 | Vaults:4 | 46950 ||| Stepping ~*~*~tactically~*~*~ (stealth).
 46961 | Vaults:4 | 46961 ||| INVOKING Heroism.
 47123 | Vaults:4 | 47123 ||| INVOKING Heroism.
 47127 | Vaults:4 | Reached skill level 20 in Fighting
 47130 | Vaults:4 | 47130 ||| Stepping ~*~*~tactically~*~*~ (hiding).
 47157 | Vaults:4 | Received a gift from Okawaru
 47346 | Vaults:4 | 47346 ||| INVOKING Finesse.
 47431 | Vaults:4 | 47431 ||| INVOKING Heroism.
 47442 | Vaults:4 | Received a gift from Okawaru
 47714 | Vaults:4 | 47714 ||| INVOKING Heroism.
 47895 | Vaults:4 | 47895 ||| Stepping ~*~*~tactically~*~*~ (hiding).
 48219 | Vaults:4 | 48219 ||| DROPPING +1 pair of gloves.
 48220 | Vaults:4 | 48220 ||| READING 3 scrolls of teleportation.
 48222 | Vaults:4 | 48222 ||| FLEEEEING.
 48320 | Vaults:4 | 48320 ||| INVOKING Heroism.
 48324 | Vaults:4 | Identified the +6 war axe of Seiheug {flame, *Slow Dex+6}
                  | (Okawaru gifted it to you on level 4 of the Vaults)
 48324 | Vaults:4 | Received a gift from Okawaru
 48367 | Vaults:4 | 48367 ||| PLANNING SHOALS:4
 48711 | Shoals:4 | Entered Level 4 of the Shoals
 48859 | Shoals:4 | 48859 ||| INVOKING Heroism.
 48866 | Shoals:4 | Reached skill level 6 in Dodging
 48996 | Shoals:4 | Identified Roxanne's Secrets of Earth
 48996 | Shoals:4 | Noticed Roxanne
 48998 | Shoals:4 | Found Jaskoc's Distillery.
 49021 | Shoals:4 | Killed Roxanne
 49042 | Shoals:4 | 49042 ||| INVOKING Heroism.
 49108 | Shoals:4 | 49108 ||| BUYING 2 potions of magic (240 gold).
 49108 | Shoals:4 | Bought 2 potions of magic for 240 gold pieces
 49108 | Shoals:4 | 49108 ||| BUYING potion of attraction (45 gold).
 49108 | Shoals:4 | Bought a potion of attraction for 45 gold pieces
 49108 | Shoals:4 | 49108 ||| BUYING potion of cancellation (120 gold).
 49108 | Shoals:4 | Bought a potion of cancellation for 120 gold pieces
 49108 | Shoals:4 | 49108 ||| BUYING potion of curing (45 gold).
 49108 | Shoals:4 | Bought a potion of curing for 45 gold pieces
 49108 | Shoals:4 | 49108 ||| BUYING potion of curing (45 gold).
 49108 | Shoals:4 | Bought a potion of curing for 45 gold pieces
 49108 | Shoals:4 | 49108 ||| BUYING potion of curing (45 gold).
 49108 | Shoals:4 | Bought a potion of curing for 45 gold pieces
 49135 | Shoals:4 | 49135 ||| Stepping ~*~*~tactically~*~*~ (hiding).
 49136 | Shoals:4 | 49136 ||| INVOKING Heroism.
 49264 | Shoals:4 | 49264 ||| Stepping ~*~*~tactically~*~*~ (hiding).
 49265 | Shoals:4 | 49265 ||| Stepping ~*~*~tactically~*~*~ (hiding).
 49314 | Shoals:4 | Reached skill level 21 in Shields
 49332 | Shoals:4 | 49332 ||| FLEEEEING.
 49333 | Shoals:4 | 49333 ||| FLEEEEING.
 49334 | Shoals:4 | 49334 ||| FLEEEEING.
 49335 | Shoals:4 | 49335 ||| FLEEEEING.
 49336 | Shoals:4 | 49336 ||| FLEEEEING.
 49337 | Shoals:4 | 49337 ||| FLEEEEING.
 49338 | Shoals:4 | 49338 ||| FLEEEEING.
 49339 | Shoals:4 | 49339 ||| FLEEEEING.
 49340 | Shoals:4 | 49340 ||| FLEEEEING.
 49346 | Shoals:4 | 49346 ||| FLEEEEING.
 49347 | Shoals:4 | 49347 ||| FLEEEEING.
 49352 | Shoals:4 | 49352 ||| FLEEEEING.
 49420 | Shoals:4 | Identified the +3 chain mail "Ebenoar" {Harm Str-4 Int+3
                  | Dex+2}
 49438 | Shoals:4 | 49438 ||| INVOKING Heroism.
 49443 | Shoals:4 | 49443 ||| Stepping ~*~*~tactically~*~*~ (hiding).
 49477 | Shoals:4 | Noticed Polyphemus
 49496 | Shoals:4 | Killed Polyphemus
 49630 | Shoals:4 | 49630 ||| Stepping ~*~*~tactically~*~*~ (hiding).
 49749 | Shoals:4 | 49749 ||| Stepping ~*~*~tactically~*~*~ (hiding).
 49751 | Shoals:4 | 49751 ||| INVOKING Heroism.
 49752 | Shoals:4 | 49752 ||| INVOKING Finesse.
 49757 | Shoals:4 | 49757 ||| Stepping ~*~*~tactically~*~*~ (hiding).
 49775 | Shoals:4 | Received a gift from Okawaru
 49815 | Shoals:4 | Reached XP level 22. HP: 63/153 MP: 32/32
 49816 | Shoals:4 | 49816 ||| INVOKING Heroism.
 49825 | Shoals:4 | 49825 ||| Stepping ~*~*~tactically~*~*~ (stealth).
 49851 | Shoals:4 | 49851 ||| Stepping ~*~*~tactically~*~*~ (stealth).
 49864 | Shoals:4 | 49864 ||| Stepping ~*~*~tactically~*~*~ (stealth).
 49865 | Shoals:4 | 49865 ||| Stepping ~*~*~tactically~*~*~ (stealth).
 49974 | Shoals:4 | 49974 ||| Stepping ~*~*~tactically~*~*~ (stealth).
 49975 | Shoals:4 | 49975 ||| Stepping ~*~*~tactically~*~*~ (hiding).
 49976 | Shoals:4 | 49976 ||| Stepping ~*~*~tactically~*~*~ (hiding).
 49977 | Shoals:4 | 49977 ||| Stepping ~*~*~tactically~*~*~ (hiding).
 49978 | Shoals:4 | 49978 ||| INVOKING Heroism.
 49981 | Shoals:4 | 49981 ||| INVOKING Finesse.
 49992 | Shoals:4 | 49992 ||| Stepping ~*~*~tactically~*~*~ (stealth).
 50049 | Shoals:4 | 50049 ||| Stepping ~*~*~tactically~*~*~ (stealth).
 50082 | Shoals:4 | 50082 ||| Stepping ~*~*~tactically~*~*~ (stealth).
 50084 | Shoals:4 | 50084 ||| Stepping ~*~*~tactically~*~*~ (stealth).
 50085 | Shoals:4 | 50085 ||| Stepping ~*~*~tactically~*~*~ (stealth).
 50149 | Shoals:4 | 50149 ||| INVOKING Heroism.
 50254 | Shoals:4 | 50254 ||| Stepping ~*~*~tactically~*~*~ (stealth).
 50258 | Shoals:4 | 50258 ||| Stepping ~*~*~tactically~*~*~ (hiding).
 50260 | Shoals:4 | 50260 ||| Stepping ~*~*~tactically~*~*~ (hiding).
 50282 | Shoals:4 | Received a gift from Okawaru
 50283 | Shoals:4 | Reached skill level 21 in Fighting
 50299 | Shoals:4 | Identified the +6 glaive of Wyrd {flame, Int+9}
 50300 | Shoals:4 | 50300 ||| Stepping ~*~*~tactically~*~*~ (hiding).
 50372 | Shoals:4 | Identified the ring "Serphim" {Dex+6 Slay+3 SInv}
 50425 | Shoals:4 | Got a barnacled rune of Zot
 50944 | Shoals:4 | 50944 ||| PLANNING DEPTHS
 51270 | Depths:1 | Entered Level 1 of the Depths
 51401 | Depths:1 | 51401 ||| INVOKING Heroism.
 51437 | Depths:1 | 51437 ||| INVOKING Finesse.
 51446 | Depths:1 | Reached skill level 12 in Throwing
 51644 | Depths:1 | 51644 ||| INVOKING Heroism.
 51645 | Depths:1 | 51645 ||| INVOKING Finesse.
 52036 | Depths:1 | Found Vonuum's Armour Emporium.
 52039 | Depths:1 | 52039 ||| BUYING +1 cloak of willpower (165 gold).
 52039 | Depths:1 | Bought a +1 cloak of willpower for 165 gold pieces
 52518 | Depths:2 | 52518 ||| Stepping ~*~*~tactically~*~*~ (hiding).
 52535 | Depths:2 | 52535 ||| INVOKING Heroism.
 52554 | Depths:2 | 52554 ||| Stepping ~*~*~tactically~*~*~ (hiding).
 52564 | Depths:2 | 52564 ||| Stepping ~*~*~tactically~*~*~ (stealth).
 52615 | Depths:2 | 52615 ||| Stepping ~*~*~tactically~*~*~ (stealth).
 52616 | Depths:2 | 52616 ||| Stepping ~*~*~tactically~*~*~ (stealth).
 52617 | Depths:2 | 52617 ||| Stepping ~*~*~tactically~*~*~ (stealth).
 52638 | Depths:2 | 52638 ||| INVOKING Heroism.
 52674 | Depths:2 | 52674 ||| Stepping ~*~*~tactically~*~*~ (hiding).
 52941 | Depths:2 | 52941 ||| Stepping ~*~*~tactically~*~*~ (hiding).
 52942 | Depths:2 | 52942 ||| Stepping ~*~*~tactically~*~*~ (hiding).
 52945 | Depths:2 | 52945 ||| Stepping ~*~*~tactically~*~*~ (hiding).
 53068 | Depths:2 | 53068 ||| INVOKING Heroism.
 53078 | Depths:2 | 53078 ||| Stepping ~*~*~tactically~*~*~ (hiding).
 53120 | Depths:2 | Found a one-way gateway to a ziggurat.
 53127 | Depths:2 | 53127 ||| INVOKING Finesse.
 53188 | Depths:2 | Found a hide-covered altar of Uskayaw.
 53276 | Depths:2 | 53276 ||| INVOKING Heroism.
 53286 | Depths:2 | Received a gift from Okawaru
 53474 | Depths:2 | 53474 ||| INVOKING Heroism.
 53481 | Depths:2 | 53481 ||| Stepping ~*~*~tactically~*~*~ (hiding).
 53703 | Depths:2 | Gained mutation: You are vulnerable to cold. (rC-) [a
                  | neqoxec]
 53708 | Depths:2 | Found a one-way gate leading to the halls of Pandemonium.
 53806 | Depths:2 | 53806 ||| Stepping ~*~*~tactically~*~*~ (hiding).
 53808 | Depths:2 | 53808 ||| Stepping ~*~*~tactically~*~*~ (hiding).
 53838 | Depths:2 | 53838 ||| DROPPING ring "Acois" {Int+2 SInv}.
 53839 | Depths:2 | 53839 ||| UPGRADING to +4 ring of slaying {mikee}.
 53841 | Depths:2 | 53841 ||| DROPPING +6 ring of strength.
 53893 | Depths:3 | 53893 ||| INVOKING Heroism.
 53997 | Depths:3 | Reached skill level 22 in Fighting
 54092 | Depths:3 | Noticed Mara
 54094 | Depths:3 | 54094 ||| INVOKING Heroism.
 54100 | Depths:3 | 54100 ||| Stepping ~*~*~tactically~*~*~ (hiding).
 54108 | Depths:3 | 54108 ||| INVOKING Finesse.
 54125 | Depths:3 | Killed Mara
 54187 | Depths:3 | 54187 ||| Stepping ~*~*~tactically~*~*~ (hiding).
 54210 | Depths:3 | Received a gift from Okawaru
 54219 | Depths:3 | 54219 ||| INVOKING Heroism.
 54302 | Depths:3 | 54302 ||| INVOKING Finesse.
 54321 | Depths:3 | Reached XP level 23. HP: 137/162 MP: 33/33
 54525 | Depths:3 | 54525 ||| Stepping ~*~*~tactically~*~*~ (stealth).
 54527 | Depths:3 | 54527 ||| Stepping ~*~*~tactically~*~*~ (stealth).
 54529 | Depths:3 | 54529 ||| Stepping ~*~*~tactically~*~*~ (hiding).
 54570 | Depths:3 | Found a one-way gate to the infinite horrors of the Abyss.
 55024 | Depths:3 | Reached skill level 21 in Armour
 55045 | Depths:3 | Found a glowing silver altar of Zin.
 55045 | Depths:3 | Noticed Mennas
 55047 | Depths:3 | 55047 ||| INVOKING Heroism.
 55073 | Depths:3 | 55073 ||| INVOKING Finesse.
 55082 | Depths:3 | Killed Mennas
 55158 | Depths:3 | 55158 ||| Stepping ~*~*~tactically~*~*~ (hiding).
 55180 | Depths:3 | 55180 ||| INVOKING Heroism.
 55342 | Depths:3 | 55342 ||| Stepping ~*~*~tactically~*~*~ (hiding).
 55344 | Depths:3 | 55344 ||| Stepping ~*~*~tactically~*~*~ (hiding).
 55625 | Depths:3 | Received a gift from Okawaru
 55713 | Depths:3 | 55713 ||| UPGRADING to +0 tower shield of cold resistance.
 55723 | Depths:3 | 55723 ||| DROPPING +0 tower shield.
 55724 | Depths:3 | 55724 ||| UPGRADING to +2 tower shield.
 55734 | Depths:3 | 55734 ||| DROPPING +2 pair of gloves.
 55751 | Depths:4 | Entered Level 4 of the Depths
 55773 | Depths:4 | 55773 ||| FLEEEEING.
 55774 | Depths:4 | 55774 ||| Stepping ~*~*~tactically~*~*~ (hiding).
 55780 | Depths:4 | 55780 ||| FLEEEEING.
 55781 | Depths:4 | 55781 ||| FLEEEEING.
 55782 | Depths:4 | 55782 ||| FLEEEEING.
 55783 | Depths:4 | 55783 ||| FLEEEEING.
 55784 | Depths:4 | 55784 ||| STAIRDANCE
 55943 | Depths:4 | 55943 ||| STAIRDANCE
 55990 | Depths:4 | 55990 ||| STAIRDANCE
 56082 | Depths:4 | 56082 ||| Stepping ~*~*~tactically~*~*~ (hiding).
 56084 | Depths:4 | 56084 ||| Stepping ~*~*~tactically~*~*~ (hiding).
 56100 | Depths:4 | 56100 ||| Stepping ~*~*~tactically~*~*~ (hiding).
 56108 | Depths:4 | 56108 ||| INVOKING Heroism.
 56161 | Depths:4 | Found a gate to the Realm of Zot.
 56161 | Depths:4 | Noticed a golden dragon
 56162 | Depths:4 | 56162 ||| INVOKING Heroism.
 56163 | Depths:4 | 56163 ||| INVOKING Finesse.
 56167 | Depths:4 | Killed a golden dragon
 56177 | Depths:4 | Identified the +4 scale mail "Fepn" {rN+} (Okawaru gifted
                  | it to you on level 4 of the Depths)
 56177 | Depths:4 | Received a gift from Okawaru
 56253 | Depths:4 | 56253 ||| Stepping ~*~*~tactically~*~*~ (stealth).
 56326 | Depths:4 | 56326 ||| Stepping ~*~*~tactically~*~*~ (hiding).
 56350 | Depths:4 | 56350 ||| INVOKING Heroism.
 56519 | Depths:4 | 56519 ||| INVOKING Heroism.
 56569 | Depths:4 | Noticed Frederick
 56570 | Depths:4 | 56570 ||| INVOKING Finesse.
 56586 | Depths:4 | Killed Frederick
 56601 | Depths:4 | 56601 ||| INVOKING Heroism.
 56823 | Depths:4 | Found a burning altar of Makhleb.
 56846 | Depths:4 | Found a glowing golden altar of the Shining One.
 56862 | Depths:4 | 56862 ||| Stepping ~*~*~tactically~*~*~ (hiding).
 57080 | Depths:4 | 57080 ||| INVOKING Heroism.
 57081 | Depths:4 | 57081 ||| INVOKING Finesse.
 57300 | Depths:4 | Noticed the Enchantress
 57301 | Depths:4 | 57301 ||| INVOKING Heroism.
 57302 | Depths:4 | 57302 ||| INVOKING Finesse.
 57318 | Depths:4 | Killed the Enchantress
 57565 | Depths:4 | 57565 ||| PLANNING VAULTS:5
 57853 | Vaults:5 | Entered Level 5 of the Vaults
 57854 | Vaults:5 | 57854 ||| INVOKING Heroism.
 57855 | Vaults:5 | 57855 ||| STAIRDANCE
 57877 | Vaults:5 | 57877 ||| STAIRDANCE
 57879 | Vaults:4 | 57879 ||| INVOKING Finesse.
 57912 | Vaults:5 | 57912 ||| STAIRDANCE
 57945 | Vaults:5 | 57945 ||| STAIRDANCE
 57964 | Vaults:5 | 57964 ||| STAIRDANCE
 57966 | Vaults:4 | 57966 ||| INVOKING Heroism.
 57970 | Vaults:4 | Reached skill level 23 in Fighting
 58145 | Vaults:5 | 58145 ||| INVOKING Heroism.
 58283 | Vaults:5 | Noticed a dread lich
 58284 | Vaults:5 | 58284 ||| Stepping ~*~*~tactically~*~*~ (hiding).
 58287 | Vaults:5 | 58287 ||| INVOKING Heroism.
 58288 | Vaults:5 | 58288 ||| INVOKING Finesse.
 58308 | Vaults:5 | Killed a dread lich
 58308 | Vaults:5 | Received a gift from Okawaru
 58340 | Vaults:5 | 58340 ||| Stepping ~*~*~tactically~*~*~ (hiding).
 58348 | Vaults:5 | 58348 ||| INVOKING Finesse.
 58359 | Vaults:5 | Noticed Boris
 58365 | Vaults:5 | 58365 ||| Stepping ~*~*~tactically~*~*~ (hiding).
 58378 | Vaults:5 | Killed Boris
 58396 | Vaults:5 | Noticed a dread lich
 58397 | Vaults:5 | 58397 ||| INVOKING Heroism.
 58399 | Vaults:5 | 58399 ||| INVOKING Finesse.
 58407 | Vaults:5 | Killed a dread lich
 58408 | Vaults:5 | Reached XP level 24. HP: 164/171 MP: 31/33
 58408 | Vaults:5 | 58408 ||| Stepping ~*~*~tactically~*~*~ (hiding).
 58409 | Vaults:5 | 58409 ||| Stepping ~*~*~tactically~*~*~ (hiding).
 58422 | Vaults:5 | 58422 ||| INVOKING Heroism.
 58496 | Vaults:5 | 58496 ||| Stepping ~*~*~tactically~*~*~ (stealth).
 58501 | Vaults:5 | 58501 ||| Stepping ~*~*~tactically~*~*~ (stealth).
 58596 | Vaults:5 | 58596 ||| INVOKING Heroism.
 58634 | Vaults:5 | 58634 ||| INVOKING Heroism.
 58636 | Vaults:5 | Noticed a dread lich
 58654 | Vaults:5 | Killed a dread lich
 58654 | Vaults:5 | Received a gift from Okawaru
 58938 | Vaults:5 | 58938 ||| Stepping ~*~*~tactically~*~*~ (hiding).
 58939 | Vaults:5 | 58939 ||| Stepping ~*~*~tactically~*~*~ (hiding).
 58940 | Vaults:5 | 58940 ||| INVOKING Heroism.
 58989 | Vaults:5 | 58989 ||| Stepping ~*~*~tactically~*~*~ (hiding).
 59013 | Vaults:5 | Reached skill level 24 in Fighting
 59017 | Vaults:5 | 59017 ||| INVOKING Heroism.
 59076 | Vaults:5 | 59076 ||| FLEEEEING.
 59228 | Vaults:5 | 59228 ||| INVOKING Heroism.
 59252 | Vaults:5 | Received a gift from Okawaru
 59436 | Vaults:5 | 59436 ||| Stepping ~*~*~tactically~*~*~ (hiding).
 59438 | Vaults:5 | 59438 ||| Stepping ~*~*~tactically~*~*~ (hiding).
 59490 | Vaults:5 | 59490 ||| Stepping ~*~*~tactically~*~*~ (hiding).
 59495 | Vaults:5 | 59495 ||| INVOKING Heroism.
 59520 | Vaults:5 | Got a silver rune of Zot
 59612 | Vaults:5 | 59612 ||| Stepping ~*~*~tactically~*~*~ (hiding).
 59731 | Vaults:5 | 59731 ||| Stepping ~*~*~tactically~*~*~ (hiding).
 59776 | Vaults:5 | 59776 ||| Stepping ~*~*~tactically~*~*~ (hiding).
 59777 | Vaults:5 | 59777 ||| Stepping ~*~*~tactically~*~*~ (hiding).
 59779 | Vaults:5 | 59779 ||| INVOKING Heroism.
 59814 | Vaults:5 | 59814 ||| Stepping ~*~*~tactically~*~*~ (stealth).
 59815 | Vaults:5 | 59815 ||| Stepping ~*~*~tactically~*~*~ (stealth).
 59824 | Vaults:5 | 59824 ||| Stepping ~*~*~tactically~*~*~ (hiding).
 60160 | Vaults:5 | Identified the ring "Havext" {rF+ rCorr Str+4}
 60326 | Vaults:5 | Identified the +8 sling "Trog's Righteous Anger" {freeze,
                  | rN+ Will+ Str-2}
 60420 | Vaults:5 | 60420 ||| Stepping ~*~*~tactically~*~*~ (stealth).
 60422 | Vaults:5 | 60422 ||| Stepping ~*~*~tactically~*~*~ (hiding).
 60431 | Vaults:5 | 60431 ||| INVOKING Heroism.
 60522 | Vaults:5 | Identified the +0 pair of boots of Kucecux {Fly Dex+9
                  | Stlth+}
 60535 | Vaults:5 | 60535 ||| Stepping ~*~*~tactically~*~*~ (hiding).
 60625 | Vaults:5 | Identified the +0 chain mail "Omonkigass" {rN++}
 60643 | Vaults:5 | Found Essoagol's Book Emporium.
 60752 | Vaults:5 | 60752 ||| PLANNING SHOPPING SPREE
 60752 | Vaults:5 | 60752 ||| DROPPING +1 plate armour of poison resistance.
 60753 | Vaults:5 | 60753 ||| DROPPING +2 plate armour of cold resistance.
 60754 | Vaults:5 | 60754 ||| UPGRADING to +0 pair of boots of Kucecux {Fly
                  | Dex+9 Stlth+}.
 60764 | Vaults:5 | 60764 ||| DROPPING +2 pair of boots.
 60765 | Vaults:5 | 60765 ||| DROPPING ring of resist corrosion.
 60766 | Vaults:5 | 60766 ||| UPGRADING to ring "Havext" {rF+ rCorr Str+4}.
 60768 | Vaults:5 | 60768 ||| DROPPING ring of see invisible.
 60995 | D:10     | 60995 ||| BUYING potion of heal wounds (80 gold).
 60995 | D:10     | Bought a potion of heal wounds for 80 gold pieces
 60995 | D:10     | 60995 ||| BUYING potion of might (64 gold).
 60995 | D:10     | Bought a potion of might for 64 gold pieces
 61098 | D:13     | 61098 ||| BUYING scroll of acquirement (624 gold).
 61098 | D:13     | Bought a scroll of acquirement for 624 gold pieces
 61098 | D:13     | 61098 ||| READING scroll of acquirement.
 61098 | D:13     | 61098 ||| ACQUIRING ring "Ogifid" {rC+ Dex+5 SInv}
 61098 | D:13     | Acquired the ring "Ogifid" {rC+ Dex+5 SInv}
 61100 | D:13     | 61100 ||| DROPPING ring of ice.
 61101 | D:13     | 61101 ||| PLANNING ZOT:1-4
 61283 | Zot:1    | Entered Level 1 of the Realm of Zot
 61283 | Zot:1    | Noticed an orb of fire
 61283 | Zot:1    | You are sucked into a shaft and drop 1 floor!
 61284 | Zot:2    | 61284 ||| INVOKING Heroism.
 61436 | Zot:2    | 61436 ||| Stepping ~*~*~tactically~*~*~ (hiding).
 61438 | Zot:2    | 61438 ||| Stepping ~*~*~tactically~*~*~ (hiding).
 61450 | Zot:2    | 61450 ||| INVOKING Heroism.
 61695 | Zot:2    | 61695 ||| READING 15 scrolls of teleportation.
 61719 | Zot:2    | 61719 ||| INVOKING Heroism.
 61725 | Zot:2    | Identified the +2 robe of Okawaru's Generosity {rElec rF-
                  | Int-4 Dex+8} (Okawaru gifted it to you on level 2 of the
                  | Realm of Zot)
 61725 | Zot:2    | Received a gift from Okawaru
 61756 | Zot:2    | 61756 ||| INVOKING Heroism.
 61766 | Zot:2    | 61766 ||| Stepping ~*~*~tactically~*~*~ (stealth).
 61776 | Zot:2    | Reached skill level 9 in Dodging
 61817 | Zot:2    | Noticed an ancient lich
 61818 | Zot:2    | 61818 ||| INVOKING Finesse.
 61819 | Zot:2    | 61819 ||| INVOKING Heroism.
 61832 | Zot:2    | Killed an ancient lich
 61835 | Zot:2    | Noticed a Killer Klown
 61849 | Zot:2    | 61849 ||| INVOKING Finesse.
 61861 | Zot:2    | Killed a Killer Klown
 61862 | Zot:2    | Reached XP level 25. HP: 63/179 MP: 30/33
 61877 | Zot:2    | 61877 ||| Stepping ~*~*~tactically~*~*~ (stealth).
 61899 | Zot:2    | 61899 ||| Stepping ~*~*~tactically~*~*~ (stealth).
 61900 | Zot:2    | 61900 ||| INVOKING Heroism.
 61912 | Zot:2    | Noticed a Killer Klown
 61913 | Zot:2    | 61913 ||| INVOKING Finesse.
 61923 | Zot:2    | Killed a Killer Klown
 61933 | Zot:2    | 61933 ||| Stepping ~*~*~tactically~*~*~ (stealth).
 61934 | Zot:2    | 61934 ||| Stepping ~*~*~tactically~*~*~ (stealth).
 62014 | Zot:2    | 62014 ||| INVOKING Heroism.
 62126 | Zot:2    | Noticed a Killer Klown
 62127 | Zot:2    | 62127 ||| INVOKING Heroism.
 62130 | Zot:2    | 62130 ||| INVOKING Finesse.
 62143 | Zot:2    | Killed a Killer Klown
 62260 | Zot:1    | 62260 ||| INVOKING Heroism.
 62279 | Zot:1    | 62279 ||| Stepping ~*~*~tactically~*~*~ (hiding).
 62282 | Zot:1    | 62282 ||| Stepping ~*~*~tactically~*~*~ (hiding).
 62283 | Zot:1    | 62283 ||| Stepping ~*~*~tactically~*~*~ (hiding).
 62419 | Zot:1    | 62419 ||| INVOKING Heroism.
 62421 | Zot:1    | 62421 ||| DRINKING 7 potions of resistance.
 62422 | Zot:1    | 62422 ||| INVOKING Finesse.
 62443 | Zot:1    | Gained mutation: You occasionally lose the ability to drink
                  | potions when taking damage. [an orb of fire]
 62454 | Zot:1    | Killed an orb of fire
 62583 | Zot:1    | 62583 ||| DRINKING 5 potions of mutation.
 62583 | Zot:1    | Lost mutation: You have an increased reservoir of magic.
                  | (+10% MP) [potion of mutation]
 62583 | Zot:1    | Lost mutation: You occasionally shout uncontrollably at
                  | your foes. [potion of mutation]
 62583 | Zot:1    | Gained mutation: You have sharp fingernails. [potion of
                  | mutation]
 62583 | Zot:1    | Gained mutation: You have a pair of small horns on your
                  | head. [potion of mutation]
 62584 | Zot:1    | 62584 ||| DRINKING 4 potions of mutation.
 62584 | Zot:1    | Lost mutation: You have sharp fingernails. [potion of
                  | mutation]
 62584 | Zot:1    | Lost mutation: You occasionally lose the ability to drink
                  | potions when taking damage. [potion of mutation]
 62584 | Zot:1    | Gained mutation: You are frail. (-10% HP) [potion of
                  | mutation]
 62584 | Zot:1    | Gained mutation: You have a somewhat thin skeletal
                  | structure. (Dex +2, Stealth+) [potion of mutation]
 62585 | Zot:1    | 62585 ||| DRINKING 3 potions of mutation.
 62585 | Zot:1    | Lost mutation: You are vulnerable to cold. (rC-) [potion of
                  | mutation]
 62585 | Zot:1    | Lost mutation: You have a pair of small horns on your head.
                  | [potion of mutation]
 62585 | Zot:1    | Gained mutation: Potions are less effective at restoring
                  | your health. [potion of mutation]
 62585 | Zot:1    | Gained mutation: You are dopey. (Int -2) [potion of
                  | mutation]
 62586 | Zot:1    | 62586 ||| DRINKING 2 potions of mutation.
 62586 | Zot:1    | Lost mutation: Your muscles are strong. (Str +4, Int/Dex
                  | -1) [potion of mutation]
 62586 | Zot:1    | Lost mutation: You are frail. (-10% HP) [potion of
                  | mutation]
 62586 | Zot:1    | Gained mutation: Your natural rate of healing is unusually
                  | fast. [potion of mutation]
 62586 | Zot:1    | Gained mutation: You have a pair of small horns on your
                  | head. [potion of mutation]
 62586 | Zot:1    | Gained mutation: You are partially covered in large bone
                  | plates. (SH +4) [potion of mutation]
 62601 | Zot:1    | 62601 ||| DRINKING potion of mutation.
 62601 | Zot:1    | Lost mutation: You have a somewhat thin skeletal structure.
                  | (Dex +2, Stealth+) [potion of mutation]
 62601 | Zot:1    | Lost mutation: You have a pair of small horns on your head.
                  | [potion of mutation]
 62601 | Zot:1    | Lost mutation: You are dopey. (Int -2) [potion of mutation]
 62601 | Zot:1    | Gained mutation: You are robust. (+10% HP) [potion of
                  | mutation]
 62619 | Zot:1    | 62619 ||| Stepping ~*~*~tactically~*~*~ (stealth).
 62623 | Zot:1    | 62623 ||| INVOKING Heroism.
 62691 | Zot:1    | 62691 ||| INVOKING Heroism.
 62838 | Zot:1    | 62838 ||| Stepping ~*~*~tactically~*~*~ (stealth).
 62842 | Zot:1    | 62842 ||| Stepping ~*~*~tactically~*~*~ (hiding).
 62844 | Zot:1    | 62844 ||| Stepping ~*~*~tactically~*~*~ (hiding).
 62847 | Zot:1    | 62847 ||| INVOKING Heroism.
 62901 | Zot:1    | 62901 ||| Stepping ~*~*~tactically~*~*~ (hiding).
 62949 | Zot:1    | Reached skill level 12 in Dodging
 63092 | Zot:1    | 63092 ||| INVOKING Heroism.
 63283 | Zot:1    | 63283 ||| UPGRADING to +2 helmet.
 63373 | Zot:2    | 63373 ||| INVOKING Heroism.
 63434 | Zot:2    | Noticed Grunn
 63436 | Zot:2    | 63436 ||| INVOKING Heroism.
 63449 | Zot:2    | Received a gift from Okawaru
 63506 | Zot:2    | Killed Grunn
 63506 | Zot:2    | Received a gift from Okawaru
 63657 | Zot:2    | Noticed a Killer Klown
 63658 | Zot:2    | 63658 ||| Stepping ~*~*~tactically~*~*~ (stealth).
 63659 | Zot:2    | 63659 ||| Stepping ~*~*~tactically~*~*~ (stealth).
 63660 | Zot:2    | 63660 ||| Stepping ~*~*~tactically~*~*~ (stealth).
 63666 | Zot:2    | 63666 ||| Stepping ~*~*~tactically~*~*~ (hiding).
 63673 | Zot:2    | 63673 ||| INVOKING Heroism.
 63686 | Zot:2    | Killed a Killer Klown
 63687 | Zot:2    | Reached skill level 25 in Fighting
 63734 | Zot:2    | 63734 ||| Stepping ~*~*~tactically~*~*~ (hiding).
 63798 | Zot:2    | 63798 ||| Stepping ~*~*~tactically~*~*~ (stealth).
 63912 | Zot:2    | 63912 ||| INVOKING Heroism.
 64146 | Zot:2    | 64146 ||| DROPPING +1 cloak of willpower.
 64147 | Zot:2    | 64147 ||| DROPPING amulet of regeneration.
 64227 | Zot:3    | 64227 ||| INVOKING Heroism.
 64229 | Zot:3    | Found a transporter.
 64251 | Zot:3    | Found a transporter.
 64278 | Zot:3    | 64278 ||| Stepping ~*~*~tactically~*~*~ (hiding).
 64292 | Zot:3    | 64292 ||| Stepping ~*~*~tactically~*~*~ (stealth).
 64294 | Zot:3    | 64294 ||| Stepping ~*~*~tactically~*~*~ (stealth).
 64298 | Zot:3    | 64298 ||| INVOKING Heroism.
 64300 | Zot:3    | 64300 ||| Stepping ~*~*~tactically~*~*~ (hiding).
 64312 | Zot:3    | 64312 ||| Stepping ~*~*~tactically~*~*~ (hiding).
 64320 | Zot:3    | 64320 ||| Stepping ~*~*~tactically~*~*~ (hiding).
 64331 | Zot:3    | 64331 ||| INVOKING Heroism.
 64359 | Zot:3    | Received a gift from Okawaru
 64440 | Zot:3    | 64440 ||| Stepping ~*~*~tactically~*~*~ (hiding).
 64440 | Zot:3    | Noticed a dread lich
 64441 | Zot:3    | 64441 ||| INVOKING Heroism.
 64454 | Zot:3    | Killed a dread lich
 64503 | Zot:3    | Noticed an orb of fire
 64504 | Zot:3    | 64504 ||| Stepping ~*~*~tactically~*~*~ (hiding).
 64505 | Zot:3    | 64505 ||| DRINKING 6 potions of resistance.
 64506 | Zot:3    | 64506 ||| INVOKING Heroism.
 64513 | Zot:3    | Killed an orb of fire
 64518 | Zot:3    | 64518 ||| Stepping ~*~*~tactically~*~*~ (stealth).
 64606 | Zot:3    | 64606 ||| Stepping ~*~*~tactically~*~*~ (hiding).
 64613 | Zot:3    | 64613 ||| Stepping ~*~*~tactically~*~*~ (hiding).
 64628 | Zot:3    | Received a gift from Okawaru
 64751 | Zot:3    | Noticed an ancient lich
 64752 | Zot:3    | 64752 ||| Stepping ~*~*~tactically~*~*~ (hiding).
 64753 | Zot:3    | 64753 ||| INVOKING Heroism.
 64754 | Zot:3    | 64754 ||| INVOKING Finesse.
 64767 | Zot:3    | Killed an ancient lich
 64768 | Zot:3    | Reached XP level 26. HP: 206/206 MP: 26/30
 64794 | Zot:3    | Identified the ring of the Establishment {rF+ rCorr}
 64839 | Zot:3    | Reached skill level 15 in Throwing
 64977 | Zot:3    | 64977 ||| INVOKING Heroism.
 65059 | Zot:3    | 65059 ||| DRINKING potion of mutation.
 65059 | Zot:3    | Lost mutation: You are robust. (+10% HP) [potion of
                  | mutation]
 65059 | Zot:3    | Lost mutation: You are partially covered in large bone
                  | plates. (SH +4) [potion of mutation]
 65059 | Zot:3    | Gained mutation: You expend magic power (3 MP) to
                  | strengthen your wands. [potion of mutation]
 65059 | Zot:3    | Gained mutation: You heal very quickly. [potion of
                  | mutation]
 65105 | Zot:3    | Noticed an ancient lich
 65106 | Zot:3    | 65106 ||| Stepping ~*~*~tactically~*~*~ (hiding).
 65110 | Zot:3    | 65110 ||| INVOKING Heroism.
 65120 | Zot:3    | Killed an ancient lich
 65120 | Zot:3    | Received a gift from Okawaru
 65122 | Zot:3    | Identified the +9 whip of Quick Death {drain, Contam Fly
                  | rC++ Str+4}
 65186 | Zot:3    | 65186 ||| Stepping ~*~*~tactically~*~*~ (hiding).
 65200 | Zot:3    | 65200 ||| INVOKING Heroism.
 65214 | Zot:3    | 65214 ||| Stepping ~*~*~tactically~*~*~ (hiding).
 65301 | Zot:3    | 65301 ||| INVOKING Heroism.
 65367 | Zot:3    | Found a transporter.
 65368 | Zot:3    | 65368 ||| INVOKING Heroism.
 65466 | Zot:3    | 65466 ||| Stepping ~*~*~tactically~*~*~ (hiding).
 65468 | Zot:3    | 65468 ||| INVOKING Heroism.
 65473 | Zot:3    | Received a gift from Okawaru
 65575 | Zot:3    | Found a transporter.
 65578 | Zot:3    | 65578 ||| DROPPING +1 cloak.
 65579 | Zot:3    | 65579 ||| DROPPING ring of fire.
 65580 | Zot:3    | 65580 ||| DROPPING +6 ring of intelligence.
 65581 | Zot:3    | 65581 ||| DROPPING ring of resist corrosion.
 65582 | Zot:3    | 65582 ||| DROPPING 62 boomerangs.
 65583 | Zot:3    | 65583 ||| DROPPING 4 silver boomerangs.
 65584 | Zot:3    | 65584 ||| DROPPING 9 boomerangs of dispersal.
 65630 | Zot:4    | 65630 ||| INVOKING Heroism.
 65632 | Zot:4    | 65632 ||| STAIRDANCE
 65634 | Zot:4    | 65634 ||| STAIRDANCE
 65750 | Zot:4    | Noticed an orb of fire
 65751 | Zot:4    | 65751 ||| DRINKING 5 potions of resistance.
 65752 | Zot:4    | 65752 ||| INVOKING Heroism.
 65754 | Zot:4    | Gained mutation: You are occasionally teleported next to
                  | monsters. [an orb of fire]
 65762 | Zot:4    | Gained mutation: You are clumsy. (Dex -2) [an orb of fire]
 65768 | Zot:4    | Gained mutation: You sometimes lose your temper in combat.
                  | [an orb of fire]
 65772 | Zot:4    | Killed an orb of fire
 65805 | Zot:4    | Reached skill level 26 in Fighting
 66001 | Zot:4    | 66001 ||| Stepping ~*~*~tactically~*~*~ (stealth).
 66391 | Zot:4    | 66391 ||| INVOKING Heroism.
 66401 | Zot:4    | Received a gift from Okawaru
 66645 | Zot:4    | 66645 ||| INVOKING Heroism.
 66658 | Zot:4    | Noticed a Killer Klown
 66659 | Zot:4    | 66659 ||| INVOKING Finesse.
 66695 | Zot:4    | Killed a Killer Klown
 66695 | Zot:4    | Received a gift from Okawaru
 66990 | Zot:4    | 66990 ||| Stepping ~*~*~tactically~*~*~ (hiding).
 66992 | Zot:4    | 66992 ||| Stepping ~*~*~tactically~*~*~ (hiding).
 67220 | Zot:4    | 67220 ||| PLANNING THE SHINING ONE WORSHIP
 67337 | Depths:4 | Fell from the grace of Okawaru
 67337 | Depths:4 | Became a worshipper of the Shining One
 67338 | Depths:4 | 67338 ||| PLANNING CRYPT
 67622 | Crypt:1  | Entered Level 1 of the Crypt
 67683 | Crypt:1  | 67683 ||| READING scroll of acquirement.
 67683 | Crypt:1  | 67683 ||| ACQUIRING +0 broad axe of freezing
 67683 | Crypt:1  | Acquired a +0 broad axe of freezing
 67685 | Crypt:1  | 67685 ||| DROPPING +0 war axe.
 67727 | Crypt:1  | 67727 ||| Stepping ~*~*~tactically~*~*~ (hiding).
 67728 | Crypt:1  | 67728 ||| Stepping ~*~*~tactically~*~*~ (hiding).
 67733 | Crypt:1  | 67733 ||| Stepping ~*~*~tactically~*~*~ (stealth).
 67734 | Crypt:1  | Reached * piety under the Shining One
 67800 | Crypt:1  | 67800 ||| Stepping ~*~*~tactically~*~*~ (stealth).
 67805 | Crypt:1  | 67805 ||| Stepping ~*~*~tactically~*~*~ (stealth).
 67807 | Crypt:1  | 67807 ||| Stepping ~*~*~tactically~*~*~ (stealth).
 67810 | Crypt:1  | 67810 ||| Stepping ~*~*~tactically~*~*~ (stealth).
 67811 | Crypt:1  | 67811 ||| Stepping ~*~*~tactically~*~*~ (stealth).
 67848 | Crypt:1  | Reached skill level 12 in Invocations
 67852 | Crypt:1  | Reached ** piety under the Shining One
 68047 | Crypt:1  | 68047 ||| Stepping ~*~*~tactically~*~*~ (stealth).
 68131 | Crypt:1  | 68131 ||| Stepping ~*~*~tactically~*~*~ (stealth).
 68132 | Crypt:1  | 68132 ||| Stepping ~*~*~tactically~*~*~ (stealth).
 68229 | Crypt:1  | 68229 ||| Stepping ~*~*~tactically~*~*~ (stealth).
 68231 | Crypt:1  | 68231 ||| Stepping ~*~*~tactically~*~*~ (hiding).
 68234 | Crypt:1  | Reached *** piety under the Shining One
 68239 | Crypt:1  | 68239 ||| Stepping ~*~*~tactically~*~*~ (hiding).
 68292 | Crypt:1  | 68292 ||| Stepping ~*~*~tactically~*~*~ (stealth).
 68330 | Crypt:1  | 68330 ||| Stepping ~*~*~tactically~*~*~ (stealth).
 68834 | Crypt:1  | 68834 ||| DROPPING +1 helmet of see invisible.
 68835 | Crypt:1  | 68835 ||| DROPPING amulet of Acziyrin {Acrobat rPois SInv}.
 68873 | Crypt:2  | 68873 ||| Stepping ~*~*~tactically~*~*~ (hiding).
 69040 | Crypt:2  | 69040 ||| Stepping ~*~*~tactically~*~*~ (stealth).
 69046 | Crypt:2  | Reached **** piety under the Shining One
 69051 | Crypt:2  | Noticed Donald
 69054 | Crypt:2  | Killed Donald
 69745 | Crypt:2  | 69745 ||| Stepping ~*~*~tactically~*~*~ (stealth).
 69762 | Crypt:2  | Noticed Bai Suzhen
 69784 | Crypt:2  | Killed Bai Suzhen
 69812 | Crypt:2  | Noticed Sojobo
 69812 | Crypt:2  | Reached ***** piety under the Shining One
 69813 | Crypt:2  | 69813 ||| INVOKING Summon Divine Warrior.
 69816 | Crypt:2  | Paralysed by an air elemental for 1 turns
 69834 | Crypt:2  | Killed Sojobo
 69835 | Crypt:2  | Reached XP level 27. HP: 197/197 MP: 33/33
 70012 | Crypt:2  | 70012 ||| Stepping ~*~*~tactically~*~*~ (stealth).
 70460 | Crypt:3  | Entered Level 3 of the Crypt
 70478 | Crypt:3  | 70478 ||| Stepping ~*~*~tactically~*~*~ (hiding).
 70594 | Crypt:3  | 70594 ||| INVOKING Cleansing Flame.
 70637 | Crypt:3  | Noticed an ancient lich
 70638 | Crypt:3  | 70638 ||| INVOKING Summon Divine Warrior.
 70643 | Crypt:3  | 70643 ||| INVOKING Cleansing Flame.
 70647 | Crypt:3  | Killed an ancient lich
 70781 | Crypt:3  | Reached skill level 15 in Invocations
 70815 | Crypt:3  | 70815 ||| Stepping ~*~*~tactically~*~*~ (stealth).
 70832 | Crypt:3  | 70832 ||| Stepping ~*~*~tactically~*~*~ (stealth).
 71063 | Crypt:3  | Reached ****** piety under the Shining One
 71151 | Crypt:3  | 71151 ||| FLEEEEING.
 71152 | Crypt:3  | 71152 ||| FLEEEEING.
 71153 | Crypt:3  | 71153 ||| FLEEEEING.
 71154 | Crypt:3  | 71154 ||| FLEEEEING.
 71155 | Crypt:3  | 71155 ||| FLEEEEING.
 71156 | Crypt:3  | 71156 ||| FLEEEEING.
 71157 | Crypt:3  | 71157 ||| FLEEEEING.
 71158 | Crypt:3  | 71158 ||| FLEEEEING.
 71159 | Crypt:3  | 71159 ||| FLEEEEING.
 71160 | Crypt:3  | 71160 ||| STAIRDANCE
 71221 | Crypt:2  | 71221 ||| INVOKING Brand Weapon With Holy Wrath.
 71221 | Crypt:2  | Identified a +2 broad axe of holy wrath (a +0 broad axe of
                  | freezing blessed by the Shining One)
 71221 | Crypt:2  | Received a gift from the Shining One
 71280 | Crypt:3  | 71280 ||| Stepping ~*~*~tactically~*~*~ (stealth).
 71281 | Crypt:3  | 71281 ||| Stepping ~*~*~tactically~*~*~ (stealth).
 71306 | Crypt:3  | 71306 ||| Stepping ~*~*~tactically~*~*~ (hiding).
 71307 | Crypt:3  | 71307 ||| Stepping ~*~*~tactically~*~*~ (hiding).
 71309 | Crypt:3  | 71309 ||| FLEEEEING.
 71317 | Crypt:3  | 71317 ||| INVOKING Cleansing Flame.
 71471 | Crypt:3  | Identified the +6 quarterstaff of Defence {flame, Str+4}
 71472 | Crypt:3  | 71472 ||| Stepping ~*~*~tactically~*~*~ (hiding).
 71480 | Crypt:3  | Noticed a royal mummy
 71481 | Crypt:3  | 71481 ||| INVOKING Summon Divine Warrior.
 71484 | Crypt:3  | 71484 ||| INVOKING Cleansing Flame.
 71485 | Crypt:3  | 71485 ||| INVOKING Cleansing Flame.
 71486 | Crypt:3  | 71486 ||| INVOKING Cleansing Flame.
 71487 | Crypt:3  | 71487 ||| INVOKING Cleansing Flame.
 71487 | Crypt:3  | Killed a royal mummy
 71511 | Crypt:3  | Found a basalt altar of Yredelemnul.
 71512 | Crypt:3  | Identified the amulet "Qumel" {Reflect Int+4 SH+5 Stlth+}
 71517 | Crypt:3  | Found an ancient bone altar of Kikubaaqudgha.
 71811 | Crypt:3  | 71811 ||| FLEEEEING.
 71812 | Crypt:3  | 71812 ||| FLEEEEING.
 71813 | Crypt:3  | 71813 ||| FLEEEEING.
 71814 | Crypt:3  | 71814 ||| FLEEEEING.
 71841 | Crypt:3  | Found a staircase to the Tomb.
 71983 | Crypt:3  | 71983 ||| PLANNING TOMB
 71983 | Crypt:3  | 71983 ||| SWAPPING to +2 broad axe of holy wrath.
 71984 | Crypt:3  | 71984 ||| READING 11 scrolls of enchant weapon.
 71984 | Crypt:3  | 71984 ||| ENCHANTING +2 broad axe of holy wrath.
 71985 | Crypt:3  | 71985 ||| READING 10 scrolls of enchant weapon.
 71985 | Crypt:3  | 71985 ||| ENCHANTING +3 broad axe of holy wrath.
 71986 | Crypt:3  | 71986 ||| READING 9 scrolls of enchant weapon.
 71986 | Crypt:3  | 71986 ||| ENCHANTING +4 broad axe of holy wrath.
 71987 | Crypt:3  | 71987 ||| READING 8 scrolls of enchant weapon.
 71987 | Crypt:3  | 71987 ||| ENCHANTING +5 broad axe of holy wrath.
 71988 | Crypt:3  | 71988 ||| READING 7 scrolls of enchant weapon.
 71988 | Crypt:3  | 71988 ||| ENCHANTING +6 broad axe of holy wrath.
 71989 | Crypt:3  | 71989 ||| READING 6 scrolls of enchant weapon.
 71989 | Crypt:3  | 71989 ||| ENCHANTING +7 broad axe of holy wrath.
 71990 | Crypt:3  | 71990 ||| READING 5 scrolls of enchant weapon.
 71990 | Crypt:3  | 71990 ||| ENCHANTING +8 broad axe of holy wrath.
 72038 | Tomb:1   | Entered Level 1 of the Tomb of the Ancients
 72073 | Tomb:1   | 72073 ||| INVOKING Cleansing Flame.
 72104 | Tomb:1   | Noticed a royal mummy
 72105 | Tomb:1   | 72105 ||| Stepping ~*~*~tactically~*~*~ (hiding).
 72106 | Tomb:1   | Noticed a royal mummy
 72107 | Tomb:1   | 72107 ||| INVOKING Summon Divine Warrior.
 72107 | Tomb:1   | Identified the -1 tower shield "Put-Me-On" {rElec rC+
                  | Dex+3}
 72114 | Tomb:1   | Killed a royal mummy
 72115 | Tomb:1   | Killed a royal mummy
 72201 | Tomb:1   | Noticed a royal mummy
 72201 | Tomb:1   | Noticed a royal mummy
 72202 | Tomb:1   | 72202 ||| INVOKING Summon Divine Warrior.
 72202 | Tomb:1   | Noticed a royal mummy
 72208 | Tomb:1   | Noticed a royal mummy
 72210 | Tomb:1   | Killed a royal mummy
 72210 | Tomb:1   | Killed a royal mummy
 72213 | Tomb:1   | Noticed a royal mummy
 72214 | Tomb:1   | Noticed a royal mummy
 72214 | Tomb:1   | Noticed a royal mummy
 72219 | Tomb:1   | Killed a royal mummy
 72220 | Tomb:1   | Reached skill level 18 in Invocations
 72220 | Tomb:1   | Noticed a royal mummy
 72221 | Tomb:1   | Noticed a royal mummy
 72222 | Tomb:1   | Noticed a royal mummy
 72223 | Tomb:1   | 72223 ||| INVOKING Cleansing Flame.
 72224 | Tomb:1   | 72224 ||| INVOKING Cleansing Flame.
 72224 | Tomb:1   | HP: 44/197 [??? (8)]
 72224 | Tomb:1   | Noticed a royal mummy
 72225 | Tomb:1   | 72225 ||| READING 18 scrolls of teleportation.
 72226 | Tomb:1   | 72226 ||| DRINKING 6 potions of heal wounds.
 72227 | Tomb:1   | 72227 ||| DRINKING 5 potions of heal wounds.
 72227 | Tomb:1   | HP: 14/197 [emperor scorpion[a royal mummy] (9)]
 72228 | Tomb:1   | 72228 ||| DRINKING 4 potions of heal wounds.
 72234 | Tomb:1   | HP: 36/197 [??? (6)]
 72235 | Tomb:1   | 72235 ||| READING 17 scrolls of teleportation.
 72236 | Tomb:1   | 72236 ||| DRINKING 3 potions of heal wounds.
 72237 | Tomb:1   | 72237 ||| DRINKING 2 potions of heal wounds.
 72238 | Tomb:1   | 72238 ||| INVOKING Cleansing Flame.
 72238 | Tomb:1   | Noticed a royal mummy
 72239 | Tomb:1   | 72239 ||| INVOKING Summon Divine Warrior.
 72241 | Tomb:1   | 72241 ||| INVOKING Cleansing Flame.
 72242 | Tomb:1   | Killed a royal mummy
 72246 | Tomb:1   | 72246 ||| INVOKING Cleansing Flame.
 72250 | Tomb:1   | 72250 ||| INVOKING Cleansing Flame.
 72251 | Tomb:1   | 72251 ||| INVOKING Cleansing Flame.
 72255 | Tomb:1   | 72255 ||| INVOKING Summon Divine Warrior.
 72255 | Tomb:1   | HP: 37/197 [sphinx/divine providence (16)]
 72256 | Tomb:1   | 72256 ||| READING 16 scrolls of teleportation.
 72256 | Tomb:1   | HP: 10/197 [sphinx (10)]
 72257 | Tomb:1   | 72257 ||| DRINKING potion of heal wounds.
 72257 | Tomb:1   | Killed from afar by a sphinx

Levels and vault maps discovered:
D:1:      matt_arrival_refuge, layout_loops_corners,
          chequers_ecumenical_altar_simple, chequers_serial_rivers_large_a
D:2:      layout_loops_corners, serial_rivers, chequers_serial_rivers_marsh,
          chequers_serial_rivers_micro_c, chequers_serial_rivers_micro_c,
          chequers_serial_rivers_small_b, st_stairs_10, minmay_split_cup_large
D:3:      layout_rooms, uniq_sigmund, uniq_jessica
D:4:      layout_rooms, minitemple, temple_hall, uniq_duvessa
D:5:      layout_rooms, grunt_ministairs_9, kennysheep_potato
D:6:      layout_cave_pools, serial_shops, nicolae_shop_advertising_works
          [nicolae_subvault_shop_adworks], minmay_divided_ellipse
D:7:      layout_rooms, minmay_fire_ice_demons
D:8:      layout_layer_cave, due_lair_maze_entry_diamond, serial_shops, shop,
          gammafunk_ghost_smash
D:9:      layout_rooms, nicolae_elyvilon_peaceful_grove,
          nicolae_overflow_hidden_temple, zombieorc2_lemuel,
          gammafunk_ghost_spectres, minmay_tree_intersection, uniq_erica
D:10:     layout_roguey, trog_hazing_becter, enter_bailey_2, serial_shops, shop
D:11:     layout_basic
D:12:     layout_basic, uniq_fannar, uniq_azrael, uniq_josephine
D:13:     kennysheep_blocky_hall, layout_cross,
          lightli_vaults_fourway_checkpoint, serial_shops, shop,
          amcnicky_mini_corridor_feature, minivault_16,
          nicolae_concentric_dashed_squares_wild, uniq_urug
D:14:     layout_layer_cave, enter_trove_2, minmay_misc_feat_roman
D:15:     grunt_enter_depths_snipers, layout_loops_ring,
          hangedman_decor_peaks_small, portal_ice_cave_entry_dragon
Temple:   dshaligram_water_room_temple
Lair:1:   layout_cave_shapes, lemuel_fruit_tree
Lair:2:   layout_regular_city, elwin_shoals_entry_rocks,
          ebering_ghost_reflecting_pool, serial_bayou_lake_a,
          serial_bayou_shore_b, uniq_maggie
Lair:3:   layout_concentric_octagons, nicolae_spider_entry_tight_spaces,
          serial_rivers, chequers_serial_rivers_small_a,
          chequers_serial_rivers_micro_a, chequers_serial_rivers_marsh,
          chequers_serial_rivers_room_a, chequers_serial_rivers_small_a,
          serial_bayou_pond_b, grunt_forest_stairs_clearing
Lair:4:   layout_cave_pods, guppyfry_lair_drakes, grunt_megastairs_1,
          serial_bayou_shore_a
Lair:5:   evil_forest, layout_small_grid, minmay_slime_entry_oklob_enclosed,
          uniq_kirke
Shoals:1: layout_shoals
Shoals:2: nicolae_shoals_lighthouse, layout_shoals, lemuel_centaur_altar
Shoals:3: layout_shoals
Shoals:4: shoals_end_grunt_ice, layout_shoals, serial_shops, nicolae_shop_stone,
          uniq_roxanne, uniq_polyphemus
Spider:1: layout_spider_delve
Spider:2: layout_spider_delve, drop_trap, nicolae_spider_rock_and_or_roll
Spider:3: layout_spider_delve, uniq_jorgrun
Spider:4: spider_rune_water, nicolae_spider_spiderdrome
Orc:1:    layout_caves
Orc:2:    pubby_orc_utopia
Vaults:1: nicolae_vaults_yaktaur_gun_rack, v_misc_32, vaults_mumra_chevron_long,
          hangedman_vaults_corner, nicolae_vaults_bisected_slash,
          nicolae_vaults_specimen_jars, layout_vaults_omnigrid, uniq_asterion
Vaults:2: v_alt_pattern_2, dpeg_vaults_waves, nicolae_vaults_hallways_thing,
          nicolae_vaults_ninety_degrees, v_pattern_3,
          nicolae_vaults_little_squares_3, nicolae_vaults_big_ls, v_rooms_6,
          v_misc_2, nicolae_vaults_angled_halls, v_misc_16,
          layout_vaults_omnibox
Vaults:3: portal_desolation_entry_twin_temple,
          nicolae_vaults_network_quinsquares
          [nicolae_vaults_network_quincunx_subvault,
          nicolae_vaults_network_quincunx_subvault,
          nicolae_vaults_network_quincunx_subvault,
          nicolae_vaults_network_quincunx_subvault], kb_rosetta,
          vaults_room_pool, nicolae_vaults_little_squares_4,
          nicolae_vaults_mini_display_case, hangedman_vaults_corner_blocks,
          v_alt_pattern_4, hangedman_vaults_slice, ontoclasm_vaults_ligature,
          nicolae_vaults_gold_heap, layout_vaults_omnicross, dummy_crypt_entry,
          uniq_margery
Vaults:4: v_rooms_4, nicolae_vaults_windows_and_doors_thing, v_rooms_1,
          vaults_room_fours, v_misc_2, ontoclasm_vaults_idyll,
          nicolae_vaults_theta, nicolae_vaults_theta, v_misc_25, v_misc_2,
          nicolae_vaults_little_squares_5, v_misc_14,
          ontoclasm_vaults_decontamination, layout_vaults_ring
Vaults:5: serial_shops, uniq_boris
Crypt:1:  layout_rooms, grunt_crypt_arrival_split
Crypt:2:  layout_catacombs, uniq_bai_suzhen, uniq_sojobo, uniq_donald,
          uniq_josephina
Crypt:3:  lightli_unholy_cathedral, layout_chaotic_city,
          nicolae_tomb_entry_grand_gallery
Tomb:1
Depths:1: layout_small_grid, serial_shops, kennysheep_mini_moat,
          grunt_metal_band, roderic_lattice_a, serial_rivers,
          chequers_serial_rivers_marsh, chequers_serial_rivers_micro_a,
          chequers_serial_rivers_micro_e, chequers_serial_rivers_room_a,
          chequers_serial_rivers_micro_c, minivault_16, grunt_decor_arrowhead,
          lemuel_old_faithful
Depths:2: minmay_the_grid_plus_closed [minmay_the_grid_spin_star,
          minmay_the_grid_gridbox, minmay_the_grid_large_cup,
          minmay_the_grid_fan, minmay_the_grid_prize_four_corners],
          layout_basic, enter_ziggurat_e, nicolae_uskayaw_suspiria,
          grunt_pan_entry_spiral, hell_entry
Depths:3: evilmike_silver_temple, layout_long_grid, hangedman_decor_points,
          hangedman_coc_ice_floe, hangedman_abyss_entry_splay, uniq_mennas,
          uniq_mara
Depths:4: grunt_zot_entry_funnels, layout_long_grid, pf_hell_entry_great_geh,
          marbit_kobold_abyss_entry, hangedman_abyss_or_decor_slice,
          nzn_life_drinkers, uniq_frederick, uniq_enchantress
Zot:1:    layout_basic, grunt_megastairs_5
Zot:2:    ebering_greatest_show_in_zot, layout_onion_interference,
          hangedman_spider_trapstep, uniq_grunn
Zot:3:    hangedman_zot_vaults_quadrants, layout_concentric_octagons,
          nicolae_transporter_intersection
Zot:4:    kennysheep_spiral_hall, layout_misc_corridors

Skill      XL: |  1  2  3  4  5  6  7  8  9 10 11 12 13 14 15 16 17 18 19 20 21 22 23 24 25 26 27 |
---------------+----------------------------------------------------------------------------------+-----
Axes           | 2 3 4 5 6 8 9 10 12 13 15 16 | 16.0
Fighting       | 5 6 7 8 9 10 11 12 14 16 17 19 20 22 23 24 25 26 | 26.8
Dodging        | 1 2 3 4 5 6 7 9 13 | 13.0
Armour         | 4 6 7 8 9 10 12 13 15 16 18 19 20 21 22 | 22.0
Invocations    | 4 5 9 10 14 18 | 18.6
Throwing       | 1 2 3 5 6 8 10 11 12 13 14 15 | 15.0
Shields        | 5 9 10 11 12 13 14 15 16 20 21 22 | 22.0

Action                   |  1- 3 |  4- 6 |  7- 9 | 10-12 | 13-15 | 16-18 | 19-21 | 22-24 | 25-27 || total
-------------------------+-------+-------+-------+-------+-------+-------+-------+-------+-------++-------
Melee: War axe           |    98 |   147 |   284 |   309 |  1113 |  1911 |  1547 |  1675 |  1613 ||  8697
       Flail             |       |       |       |    44 |    23 |       |       |       |       ||    67
       Broad axe         |       |       |       |       |       |       |       |       |    70 ||    70
Throw: Boomerang         |       |       |     3 |    47 |   111 |    86 |    17 |       |       ||   264
       Javelin           |       |       |       |    12 |   113 |   147 |   133 |    71 |   130 ||   606
Invok: Heroism           |       |       |    11 |    24 |    39 |    56 |    37 |    41 |    29 ||   237
       Finesse           |       |       |       |     4 |    14 |    15 |     6 |    17 |     5 ||    61
       Summon Divine War |       |       |       |       |       |       |       |       |     7 ||     7
       Cleansing Flame   |       |       |       |       |       |       |       |       |    15 ||    15
       Brand Weapon With |       |       |       |       |       |       |       |       |     1 ||     1
  Use: Scroll            |     3 |     6 |     8 |     7 |     6 |     9 |     7 |     2 |    11 ||    59
       Potion            |       |     3 |     5 |       |       |     5 |       |       |    15 ||    28
 Stab: Distracted        |       |       |     1 |     3 |     1 |     1 |     1 |       |       ||     7
       Confused          |       |       |       |       |       |       |       |     2 |       ||     2
Armor: Scale mail        |    46 |    31 |       |       |       |       |       |       |       ||    77
       Plate armour      |       |    77 |   205 |   223 |   387 |   724 |   500 |   546 |   509 ||  3171
Dodge: Dodged            |    29 |    57 |    63 |    97 |   208 |   379 |   254 |   272 |   378 ||  1737
Block: Buckler           |    13 |    33 |    73 |       |       |       |       |       |       ||   119
       Kite shield       |       |       |    10 |   151 |   369 |   822 |   211 |       |       ||  1563
       Tower shield      |       |       |       |       |       |       |   521 |  1038 |  1224 ||  2783

Table legend:
 A = Non-vault XP
 B = Vault XP
 C = Vault XP percentage of total XP
 D = Non-vault monster count
 E = Vault monster count
 F = Vault count percentage of total count
                 A         B        C        D         E       F
            +---------+---------+-------+---------+---------+-------
      Total |  693820 |  670031 |  49.1 |    1374 |     997 |  42.0
            +---------+---------+-------+---------+---------+-------
        D:1 |      52 |       0 |   0.0 |      24 |       0 |   0.0
        D:2 |      87 |      33 |  27.5 |      26 |       6 |  18.8
        D:3 |      66 |     263 |  79.9 |      13 |       2 |  13.3
        D:4 |     241 |     209 |  46.4 |      12 |       2 |  14.3
        D:5 |     440 |      10 |   2.2 |       9 |       2 |  18.2
        D:6 |     883 |    1080 |  55.0 |      25 |      13 |  34.2
        D:7 |     838 |      60 |   6.7 |      23 |       2 |   8.0
        D:8 |     993 |    1550 |  61.0 |      14 |      11 |  44.0
        D:9 |    2055 |    1600 |  43.8 |      19 |      37 |  66.1
       D:10 |    2009 |       9 |   0.4 |      20 |       5 |  20.0
       D:11 |    3925 |       0 |   0.0 |      23 |       0 |   0.0
       D:12 |    3680 |    5037 |  57.8 |      22 |      12 |  35.3
       D:13 |    7560 |    9869 |  56.6 |      27 |      17 |  38.6
       D:14 |   10922 |       0 |   0.0 |      21 |       0 |   0.0
       D:15 |    6479 |    3559 |  35.5 |      18 |       4 |  18.2
     Lair:1 |    4016 |       0 |   0.0 |      15 |       0 |   0.0
     Lair:2 |   10655 |     428 |   3.9 |      34 |       1 |   2.9
     Lair:3 |    3711 |    3080 |  45.4 |      13 |      15 |  53.6
     Lair:4 |   17322 |    4722 |  21.4 |      45 |      14 |  23.7
     Lair:5 |   17932 |   11393 |  38.9 |      52 |      28 |  35.0
   Shoals:1 |   18803 |       0 |   0.0 |      38 |       0 |   0.0
   Shoals:2 |   13532 |   18046 |  57.1 |      31 |      32 |  50.8
   Shoals:3 |   18075 |       0 |   0.0 |      39 |       0 |   0.0
   Shoals:4 |   23676 |   30517 |  56.3 |      40 |      45 |  52.9
   Spider:1 |   19488 |       0 |   0.0 |      60 |       0 |   0.0
   Spider:2 |   14098 |    4123 |  22.6 |      43 |       5 |  10.4
   Spider:3 |   14473 |    1904 |  11.6 |      41 |       1 |   2.4
   Spider:4 |   18955 |   17073 |  47.4 |      39 |      37 |  48.7
      Orc:1 |    5732 |     171 |   2.9 |      58 |      11 |  15.9
      Orc:2 |       0 |   22561 | 100.0 |       0 |     137 | 100.0
   Vaults:1 |   34360 |    8140 |  19.2 |      48 |       9 |  15.8
   Vaults:2 |   26485 |   28249 |  51.6 |      43 |      43 |  50.0
   Vaults:3 |   30224 |   23369 |  43.6 |      46 |      26 |  36.1
   Vaults:4 |   10287 |   55004 |  84.2 |      17 |      76 |  81.7
   Vaults:5 |    7507 |  108052 |  93.5 |      10 |      83 |  89.2
    Crypt:1 |   26411 |       0 |   0.0 |      41 |       0 |   0.0
    Crypt:2 |   18786 |   10897 |  36.7 |      25 |       5 |  16.7
    Crypt:3 |   21946 |   33042 |  60.1 |      30 |      42 |  58.3
     Tomb:1 |    6903 |   38001 |  84.6 |      21 |      32 |  60.4
   Depths:1 |   19947 |    4519 |  18.5 |      25 |       6 |  19.4
   Depths:2 |    9988 |   31085 |  75.7 |      11 |      36 |  76.6
   Depths:3 |   32284 |   20167 |  38.4 |      39 |      14 |  26.4
   Depths:4 |   22297 |   31411 |  58.5 |      24 |      31 |  56.4
      Zot:1 |   46074 |    5938 |  11.4 |      41 |       6 |  12.8
      Zot:2 |   47293 |   39293 |  45.4 |      40 |      27 |  40.3
      Zot:3 |   30451 |   49816 |  62.1 |      22 |      32 |  59.3
      Zot:4 |   61879 |    3448 |   5.3 |      47 |       4 |   7.8
 Desolation |       0 |   42303 | 100.0 |       0 |      86 | 100.0
            +---------+---------+-------+---------+---------+-------
